 Dungeon Crawl Stone Soup version 0.31-a0-557-g6e16503903 (webtiles) character file.

Game seed: 5756273147854332718

2555919 MackTheKnife the Slayer (level 25, 354/354 HPs)
             Began as a Red Draconian Shapeshifter on Aug 15, 2023.
             Was a High Priest of Jiyva.
             Escaped with the Orb
             ... and 4 runes on Aug 16, 2023!
             The game lasted 02:03:44 (58197 turns).

MackTheKnife the Slayer (DrSh)                     Turns: 58197, Time: 02:03:45

Health: 354/354    AC: 42    Str: 20    XL:     25   Next: 22%
Magic:  32/32      EV: 29    Int:  9    God:    Jiyva [*****.]
Gold:   3387       SH: 26    Dex: 29    Spells: 22/24 levels left

rFire   + +          .
                       - Unarmed
rCold   + + +        Y - +5 kite shield {rC+ rF+}
rNeg    + . .        (body armour unavailable)
rPois   ∞            Z - +2 hat
rElec   +            H - +2 cloak {rCorr}
rCorr   +            R - melded +3 pair of gauntlets of War {Slay+5}
SInv    .            C - melded +2 pair of boots
Will    ++...        E - amulet of reflection
Stlth   +            U - +6 ring of dexterity
HPRegen 2.23/turn    J - ring of willpower
MPRegen 0.68/turn

%: random rage (3%), reflection
@: statue-form, very slow
A: slow and powerful, torment resistance 1, boosted hp, (breathe fire), AC +12,
unfitting armour, fire resistance 1, cold-blooded, antennae 2, claws 3, agile 1,
berserk 1, cold resistance 2, deterioration 2, robust 1, MP-powered wands
0: Orb of Zot
}: 4/15 runes: serpentine, barnacled, slimy, silver
a: Begin Untransformation, Renounce Religion, Oozemancy, Slimify


You escaped.
You worshipped Jiyva.
Jiyva was extremely pleased with you.
You were a living statue of rough stone.
You visited 12 branches of the dungeon, and saw 56 of its levels.
You visited the Abyss 2 times.
You also visited: Sewer, Bailey, Gauntlet, Ice Cave and Volcano.

You collected 7885 gold pieces.
You spent 4498 gold pieces at shops.


Innate Abilities, Weirdness & Mutations

You are a living statue of rough stone.
Your actions are slow, but your melee attacks are powerful.
You are resistant to unholy torment.
Your maximum health is greatly increased.
Your equipment is partially melded.
((You can breathe blasts of fire.))
((Your fiery red scales are hard. (AC +12)))
You cannot fit into any form of body armour.
You are immune to poison.
Your flesh is heat resistant. (rF+)
You are cold-blooded and may be slowed by cold attacks.
You have a pair of antennae on your head.
You have claws for hands.
You are agile. (Dex +4, Str/Int -1)
You sometimes lose your temper in combat.
Your flesh is very cold resistant. (rC++)
Your body often deteriorates upon taking damage.
You are robust. (+10% HP)
You expend magic power (3 MP) to strengthen your wands.


   Skills:
 - Level 25.0 Fighting
 - Level 16.0 Dodging
 - Level 14.2 Shields
 - Level 23.5 Unarmed Combat
 - Level 12.0 Invocations
 - Level 6.0 Evocations
 + Level 22.6 Shapeshifting


You had 22 spell levels left.
You knew the following spells:

 Your Spells              Type           Power      Damage    Failure   Level
a - Blink                 Tloc           0%         N/A       69%         2

Your spell library contained the following spells:

 Spells                   Type           Power      Damage    Failure   Level
 Kiss of Death            Conj/Necr      0%         2d5       54%         1
 Magic Dart               Conj           0%         1d3       54%         1
 Sandblast                Erth           0%         2d4       54%         1
 Sting                    Tmut/Pois      0%         1d3       54%         1
 Summon Small Mammal      Summ           0%         N/A       54%         1
 Ensorcelled Hibernation  Hex/Ice        0%         N/A       69%         2
 Lesser Beckoning         Tloc           0%         N/A       69%         2
 Momentum Strike          Conj/Tloc      0%         3d8       69%         2
 Passwall                 Tmut/Erth      0%         N/A       69%         2
 Poisonous Vapours        Pois/Air       0%         N/A       69%         2
 Searing Ray              Conj           0%         2d4       69%         2
 Static Discharge         Conj/Air       0%         2-2/arc   69%         2
 Wereblood                Tmut           0%         N/A       69%         2
 Call Canine Familiar     Summ           0%         N/A       89%         3
 Dazzling Flash           Conj/Hex       0%         N/A       89%         3
 Gell's Gravitas          Tloc           0%         N/A       89%         3
 Mephitic Cloud           Conj/Pois/Air  0%         N/A       89%         3
 Portal Projectile        Hex/Tloc       0%         N/A       89%         3
 Summon Guardian Golem    Hex/Summ       0%         N/A       89%         3
 Swiftness                Air            0%         N/A       89%         3
 Teleport Other           Tloc           0%         N/A       89%         3
 Vampiric Draining        Necr           0%         2d6       89%         3
 Vhi's Electric Charge    Tloc/Air       0%         N/A       89%         3
 Airstrike                Air            0%         2d(0-16)  100%        4
 Anguish                  Hex/Necr       0%         N/A       100%        4
 Animate Dead             Necr           0%         N/A       100%        4
 Cause Fear               Hex            0%         N/A       100%        4
 Fulminant Prism          Conj/Hex       0%         3d5       100%        4
 Leda's Liquefaction      Hex/Erth       0%         N/A       100%        4
 Manifold Assault         Tloc           0%         N/A       100%        4
 Olgreb's Toxic Radiance  Pois           0%         N/A       100%        4
 Petrify                  Tmut/Erth      0%         N/A       100%        4
 Summon Ice Beast         Ice/Summ       0%         N/A       100%        4
 Summon Lightning Spire   Summ/Air       0%         N/A       100%        4
 Agony                    Necr           0%         N/A       100%        5
 Alistair's Intoxication  Tmut/Pois      0%         N/A       100%        5
 Arcjolt                  Conj/Air       0%         1d10      100%        5
 Borgnjor's Vile Clutch   Necr/Erth      0%         N/A       100%        5
 Fireball                 Conj/Fire      0%         3d3       100%        5
 Freezing Cloud           Conj/Ice/Air   0%         6-21      100%        5
 Irradiate                Conj/Tmut      0%         3d11      100%        5
 Iskenderun's Battlesphe  Conj           0%         2d6       100%        5
 Lee's Rapid Deconstruct  Erth           0%         3d4*      100%        5
 Silence                  Hex/Air        0%         N/A       100%        5
 Summon Forest            Summ/Tloc      0%         N/A       100%        5
 Summon Mana Viper        Hex/Summ       0%         N/A       100%        5
 Conjure Ball Lightning   Conj/Air       0%         3x3d6     100%        6
 Dispersal                Tloc           0%         N/A       100%        6
 Eringya's Noxious Bog    Tmut/Pois      0%         4d6       100%        6
 Leda's Unmaking          Conj/Erth      0%         9d1       100%        6
 Plasma Beam              Fire/Air       0%         2x1d10    100%        6
 Summon Cactus Giant      Summ           0%         N/A       100%        6
 Enfeeble                 Hex            0%         N/A       100%        7
 Haunt                    Necr/Summ      0%         N/A       100%        7
 Orb of Destruction       Conj           0%         9d5       100%        7
 Ozocubu's Refrigeration  Ice            0%         4d7       100%        7
 Spellforged Servitor     Conj/Summ      0%         N/A       100%        7
 Summon Hydra             Summ           0%         N/A       100%        7
 Borgnjor's Revivificati  Necr           0%         N/A       100%        8
 Discord                  Hex            0%         N/A       100%        8
 Disjunction              Tloc           0%         N/A       100%        8
 Ignition                 Fire           0%         3d3       100%        8
 Infestation              Necr           0%         N/A       100%        8
 Lehudib's Crystal Spear  Conj/Erth      0%         10d2      100%        8
 Maxwell's Capacitive Co  Air            0%         ∞         100%        8
 Death's Door             Necr           0%         N/A       100%        9
 Sublimation of Blood     Necr           Unusable   N/A       N/A         2
 Animate Armour           Summ/Erth      Unusable   N/A       N/A         4

Inventory:

Missiles
 q - 7 throwing nets {=f!fthrowing}
Armour
 e - the scarf "Fasyixin" {shadows, rElec rC+ Str+6 Dex-5}
   (You found it on level 3 of the Elven Halls)

   Str+6:     It affects your strength (+6).
   Dex-5:     It affects your dexterity (-5).
   rC+:       It protects you from cold.
   rElec:     It insulates you from electricity.
 C - a +2 pair of boots (melded)
   (You found it on level 4 of the Lair of Beasts)
 H - a +2 cloak of preservation (worn)
   (You took it off Maurice on level 10 of the Dungeon)
 R - the +3 pair of gauntlets of War (melded) {Slay+5}
   (You bought it in a shop on level 12 of the Dungeon)

   Slay+5:    It affects your accuracy & damage with ranged weapons and melee
   (+5).
 Y - a +5 kite shield of resistance (worn)
   (You took it off a naga warrior on level 4 of the Snake Pit)
 Z - a +2 hat (worn)
   (You found it on level 2 of the Elven Halls)
Jewellery
 w - a ring of wizardry
   (You took it off a deep elf high priest on level 5 of the Vaults)
 E - an amulet of reflection (around neck)
   (You bought it in a shop on level 7 of the Dungeon)
 G - a +5 ring of evasion
   (You found it on level 5 of the Realm of Zot)
 J - a ring of willpower (right claw)
   (You found it on level 11 of the Dungeon)
 M - the ring of the Imbibing Gods {rC+ Int+6}
   (You found it in a Gauntlet)

   [ring of intelligence]

   Int+6:     It affects your intelligence (+6).
   rC+:       It protects you from cold.
 U - a +6 ring of dexterity (left claw)
   (You found it on level 1 of the Snake Pit)
Talismans
 b - a beast talisman
 c - a flux talisman
 o - a dragon-blood talisman
   (You found it on level 1 of the Vaults)
 N - a blade talisman
   (You found it on level 4 of the Lair of Beasts)
 S - a granite talisman (active)
   (You bought it in a shop on level 1 of the Snake Pit)
 V - a serpent talisman
   (You took it off Aizul on level 3 of the Snake Pit)
Wands
 f - a wand of mindburst (11)
   (You found it on level 12 of the Dungeon)
 m - a wand of digging (3)
   (You found it on level 9 of the Dungeon)
 r - a wand of paralysis (15)
   (You found it on level 9 of the Dungeon)
 F - a wand of polymorph (13)
   (You found it on level 8 of the Dungeon)
 L - a wand of roots (24)
   (You found it on level 3 of the Vaults)
 O - a wand of light (17)
   (You found it on level 4 of the Vaults)
 Q - a wand of flame (36)
   (You took it off an orc warrior on level 12 of the Dungeon)
Scrolls
 a - 8 scrolls of vulnerability {!r!r}
 g - 6 scrolls of enchant weapon
 h - 4 scrolls of fear
 p - 6 scrolls of teleportation {@r4}
 s - 7 scrolls of fog
 A - a scroll of brand weapon
 B - 4 scrolls of poison {!r}
 K - 3 scrolls of blinking {!r}
Potions
 d - 3 potions of resistance
 i - 11 potions of curing {@q1}
 j - 4 potions of lignification {!q}
 k - 5 potions of invisibility
 l - 5 potions of haste {@q3}
 n - 2 potions of magic
 t - 5 potions of attraction {!q}
 v - 5 potions of ambrosia
 x - 4 potions of berserk rage {!q}
 z - 4 potions of might
 D - 3 potions of mutation {!q}
 I - 4 potions of cancellation
 P - 7 potions of heal wounds {@q2}
 W - 2 potions of enlightenment
Miscellaneous
 u - a box of beasts (inert)
   (You found it on level 4 of the Shoals)
 y - a phial of floods (inert)
   (You found it on level 14 of the Dungeon)
 T - a lightning rod (4/4)
   (You bought it in a shop on level 1 of the Snake Pit)

Dungeon Overview and Level Annotations

Branches:
Dungeon (15/15)            Temple (1/1) D:5            Lair (5/5) D:9
 Shoals (4/4) Lair:2        Snake (4/4) Lair:3        Slime (5/5) Lair:4
    Orc (2/2) D:12            Elf (3/3) Orc:2        Vaults (5/5) D:13
  Crypt (3/3) Vaults:2       Tomb (0/3) Crypt:3      Depths (4/4) D:15
    Zot (5/5) Depths:4      Sewer (visited)          Bailey (visited)
  IceCv (visited)         Volcano (visited)         Gauntlet (visited)

Altars:
Ashenzari
Cheibriados
Dithmenos
Elyvilon
Fedhas
Gozag
Hepliaklqana
Kikubaaqudgha
Makhleb
Nemelex Xobeh
Okawaru
Qazlal
Ru
Sif Muna
Trog
Uskayaw
Vehumet
Wu Jian
Xom
Yredelemnul
Zin
The Shining One
Jiyva
Lugonu

Shops:
D:6 [   D:7 =   D:12 [   Orc:2 [:!?   Elf:1 (   Elf:2 (   Shoals:2 *
Snake:1 **[*?   Snake:2 =   Snake:3 ([?   Vaults:1 *   Vaults:3 !   Vaults:4 *
Depths:4 (

Portals:
Hell: Depths:1 Depths:2 Depths:3 Depths:4
Abyss: Elf:3 Lair:5
Pandemonium: Orc:2 Depths:2
Ziggurat: Depths:1

Annotations:
D:8 1 runed translucent door
D:9 exclusion: orange crystal statue
Slime:5 Royal Jelly
Elf:2 13 runed translucent doors
Elf:3 2 transporters, Nevets123's ghost, adept MiBe
Depths:1 exclusions: 2 ancient liches and 2 more exclusions

......########.# #.# #.#
####### #.###.###.# #.# #
#.##......# #.#
#P############.#
#######..........#
#.......########## #.#.##..#
#...#################### ###.#
#.8.#..P#.P.#...# #.#
#...#...#...#..P# #.#
##'###'###'###'## #####
#.####...............#
####...###.#..'.......##......#
...).......#.##...............#
###...........##'###'###'###'##
........#######...#...#...#...#
####...## #...#.(.#P..#..P#


There were no monsters in sight!


Message History

The Orb Guardian hits you but does no damage. x2
You mangle the Orb Guardian!!
You kill the Orb Guardian!
No target in view!
What level of the Dungeon? (default 1, ? - help)
Things that are here:
a +0 orcbow; a +0 shortbow {bow}
Things that are here:
a +0 shortbow {bow}; a +0 orcbow; 4 large rocks {=fthrowing} You feel yourself speed up.
There is a stone staircase leading up here.
You climb upwards.
You recover from your berserk rage.
There is a stone staircase leading down here.
There is a shaft here.
A hellion comes into view.
You eviscerate the hellion!!!!
You kill the hellion!
No target in view!
No target in view!
What level of the Dungeon? (default 1, ? - help)
There is a stone staircase leading up here.
You climb upwards.
There is a stone staircase leading down here.
There is a stone staircase leading up here.
You sense a monster nearby.
You climb upwards.
There is a stone staircase leading down here.
What level of the Dungeon? (default 1, ? - help)
There is a stone staircase leading up here.
You climb upwards.
Level annotation: exclusion: orange crystal statue
There is a stone staircase leading down here.
A wolf comes into view.
The wolf howls!
You block the wolf's attack.
You eviscerate the wolf!!!
You kill the wolf!
No target in view!
What level of the Dungeon? (default 1, ? - help)
A sun demon comes into view.
There is a stone staircase leading up here.
You climb upwards.
Level annotation: 1 runed translucent door You hear a distant slurping noise.
There is a stone staircase leading down here.
What level of the Dungeon? (default 1, ? - help)
You hear a distant slurping noise.
You see here a +0 orcbow.
There is a stone staircase leading up here.
Jiyva gurgles merrily.
You climb upwards.
There is a stone staircase leading down here.
You see here a +0 shortbow {bow}.
There is a stone staircase leading up here.
You sense a monster nearby.
You climb upwards.
There is a stone staircase leading down here.
What level of the Dungeon? (default 1, ? - help)
There is a stone staircase leading up here.
You climb upwards.
There is a stone staircase leading down here.
There is a stone staircase leading up here.
You climb upwards.
A red devil comes into view. It is wielding a +0 trident.
There is a stone staircase leading down here.
You closely miss the red devil. You eviscerate the red devil!!!!
You kill the red devil!
No target in view!
A tormentor comes into view.
The tormentor roars!
Unknown command.
You block the tormentor's attack. The tormentor completely misses you.
You block the tormentor's attack. x2
You eviscerate the tormentor!!!!
You kill the tormentor!
No target in view!
There is a stone staircase leading up here.
You climb upwards.
There is a stone staircase leading down here.
There is a stone staircase leading up here.
You climb upwards.
There is a stone staircase leading down here.
You hear a distant slurping noise. x2
An Orb Guardian comes into view.
There is a stone staircase leading up here.
You block the Orb Guardian's attack.
You climb upwards.
There is a stone staircase leading down here.
You see here a +0 spear {polearm}.
A rust devil comes into view.
You block the rust devil's attack.
You eviscerate the rust devil!!!!
You kill the rust devil!
No target in view!
There is an open door here.
There is an open door here.
There is a staircase leading out of the dungeon here.
You have escaped!

Skill      XL: |  1  2  3  4  5  6  7  8  9 10 11 12 13 14 15 16 17 18 19 20 21 22 23 24 |
---------------+-------------------------------------------------------------------------+-----
Fighting       | 2 3 4 5 6 8 9 10 12 15 16 17 18 20 23 25 | 25.0
Unarmed Combat | 4 5 6 8 10 12 14 16 18 19 21 23 | 23.5
Dodging        | 2 6 7 13 15 16 | 16.0
Shapeshifting  | 6 10 12 15 19 22 | 22.6
Invocations    | 9 10 12 | 12.0
Evocations     | 6 |  6.0
Shields        | 5 11 13 14 | 14.2

Action                     |  1- 3 |  4- 6 |  7- 9 | 10-12 | 13-15 | 16-18 | 19-21 | 22-24 | 25-27 || total
---------------------------+-------+-------+-------+-------+-------+-------+-------+-------+-------++-------
  Melee: Unarmed           |    81 |   102 |   334 |   755 |  1447 |  1262 |  1611 |  1380 |    71 ||  7043
         Tailslap          |     9 |     6 |    59 |   153 |   322 |   251 |   363 |   315 |    14 ||  1492
         Punch             |     1 |     1 |    17 |    56 |    36 |    52 |       |       |       ||   163
  Throw: Dart              |       |     9 |       |       |       |       |       |       |       ||     9
 Invoke: Greater Servant o |       |       |       |     1 |     1 |    12 |    10 |       |       ||    24
         Lesser Servant of |       |       |       |       |    16 |    12 |     2 |       |       ||    30
         Minor Destruction |       |       |       |       |       |       |     1 |       |       ||     1
         Major Destruction |       |       |       |       |       |       |     1 |       |       ||     1
         Slimify           |       |       |       |       |       |       |       |     1 |       ||     1
Ability: Breathe Fire      |       |       |     5 |    39 |    27 |     4 |       |       |       ||    75
  Evoke: Wand              |       |       |     3 |    10 |     6 |    14 |    10 |     8 |       ||    51
         Lightning rod     |       |       |       |       |       |     5 |     3 |     9 |       ||    17
         Box of beasts     |       |       |       |       |       |       |     2 |     1 |       ||     3
         Phial of floods   |       |       |       |       |       |       |       |     1 |       ||     1
    Use: Potion            |       |     1 |     2 |     6 |     3 |    10 |    10 |     8 |     2 ||    42
         Scroll            |       |       |    10 |    11 |    12 |    19 |    16 |    12 |     3 ||    83
   Stab: Sleeping          |       |       |     2 |       |     1 |     1 |     5 |       |       ||     9
         Paralysed         |       |       |       |     5 |       |     6 |     3 |     5 |       ||    19
         Invisible         |       |       |       |     6 |     4 |       |       |       |       ||    10
         Distracted        |       |       |       |     4 |     4 |    11 |    11 |     6 |       ||    36
         Petrified         |       |       |       |       |       |       |     1 |       |       ||     1
         Confused          |       |       |       |       |       |       |       |     1 |       ||     1
 Armour: Skin              |    20 |    41 |   100 |   183 |   376 |   463 |   456 |   357 |    27 ||  2023
  Dodge: Dodged            |    30 |    68 |   200 |   554 |  1054 |  1764 |  1458 |  1004 |    42 ||  6174
  Block: Other             |       |       |    16 |   159 |   273 |   187 |       |       |       ||   635
         Reflection        |       |       |     1 |     4 |     7 |    87 |   105 |    21 |     1 ||   226
         Kite shield       |       |       |       |       |       |   929 |  2266 |  1749 |   108 ||  5052
   Form: Flux              |       |       |       |       |     3 |       |       |       |       ||     3
         Blade             |       |       |       |       |     2 |       |       |       |       ||     2
         Statue            |       |       |       |       |       |     3 |       |       |       ||     3
         Anaconda          |       |       |       |       |       |     1 |       |       |       ||     1
         Dragon            |       |       |       |       |       |     1 |       |       |       ||     1

Levels and vault maps discovered:
D:1:      dpeg_arrival_prison, layout_loops_ring, serial_aquarium,
          aquarium_bridge_square [aquarium_subvault_bridge,
          aquarium_subvault_wall, aquarium_subvault_balcony,
          aquarium_subvault_window], aquarium_window_1,
          aquarium_window_corridor_3, aquarium_view_2c, aquarium_balcony_3a,
          aquarium_pool_2, minmay_tree_intersection, corexii_leaking_fountain
D:2:      layout_basic, serial_bayou, serial_bayou_crossing,
          serial_bayou_pond_c, serial_bayou_lagoon_a, serial_bayou_lake_a,
          bh_walls_and_bars
D:3:      layout_rooms, hellmonk_ecumenical_altar_leap_of_faith,
          minmay_misc_feat_room, uniq_grinder
D:4:      layout_rooms, fedhas_altar_3
D:5:      layout_basic, mainiacjoe_overflow_brackets,
          pdpol_wu_jian_five_deadly_venoms, lemuel_coloured_pillars_altar,
          temple_hall, minmay_ogre_servants
D:6:      layout_loops_corners, serial_shops, shop, portal_sewer_entry_e,
          hangedman_decor_peaks_small, nrook_mini_vaults, uniq_prince_ribbit1
D:7:      layout_cave_pools, evilmike_ruin_ashenzari, trog_three_pillars_becter,
          serial_shops, nicolae_shop_peninsula, st_stairs_4
D:8:      minmay_gate_of_8, layout_cave_pods,
          mainiacjoe_overflow_concentric_impassable, enter_bailey_2,
          kennysheep_path_1
D:9:      layout_basic, minmay_lair_entry_grove, minmay_statue_bubble
D:10:     kennysheep_blocky_hall, layout_loops_ring,
          mainiacjoe_overflow_alcove_2, mainiacjoe_overflow_catwalk,
          uniq_maurice
D:11:     layout_roguey [special_room_orc]
D:12:     layout_basic, orc_david_3, statue_in_the_mist_lemuel,
          hangedman_abyss_or_decor_clamps
D:13:     layout_loops_corners, hangedman_vaults_entry_quadrant_bands,
          kennysheep_generic_room_4
D:14:     layout_loops_cross, serial_park_tiny_1, dreamdust_princess_corridor,
          uniq_jorgrun
D:15:     grunt_enter_depths_magical_seal, layout_loops_corners,
          gammafunk_ghost_wrathful_warriors, amcnicky_mini_pool_small
Temple:   oiseaux_autumnal_temple
Lair:1:   layout_loops_ring, serial_bayou_shore_b
Lair:2:   layout_regular_city, shoals_dummy_entry, gauntlet_entry_generic,
          nicolae_quartered_pool_super, infiniplex_staircase_pool_2,
          serial_bayou_shore_b, uniq_erica
Lair:3:   layout_hall_layers, nicolae_snake_entry_warm_welcome,
          columned_hall_lemuel
Lair:4:   layout_misc_corridors, minmay_slime_entry_pillars, grunt_megastairs_4,
          serial_bayou_shore_a
Lair:5:   hellmonk_lair_end_abyssal_woods, layout_layer_cave,
          grunt_megastairs_2, serial_bayou_shore_b, uniq_rupert
Shoals:1: cheibrodos_shoals_satyrical_garden, layout_shoals
Shoals:2: nicolae_shoals_mermall, layout_shoals, nicolae_shoals_circle_sea_wall
Shoals:3: layout_shoals, portal_ice_cave_entry_pillars_three, uniq_bai_suzhen,
          uniq_polyphemus
Shoals:4: shoals_end_simple, layout_shoals, shoals_ilsuiw_ice,
          nicolae_shoals_dead_sea_scrolls, uniq_roxanne
Snake:1:  layout_gridlike, serial_shops, shop, nicolae_snake_serpentine_bazaar
Snake:2:  layout_grid_maze, serial_shops, nicolae_lakefront_shop
Snake:3:  nicolae_snake_crotalidae_crossing, layout_grid_shapes, serial_shops,
          nicolae_shop_peninsula, shop, nicolae_shop_behind_doors, uniq_aizul,
          uniq_nikola, uniq_vashnia
Snake:4:  grunt_snake_rune_spirals, layout_onion_interference, uniq_donald
Slime:1:  layout_caves
Slime:2:  layout_caves
Slime:3:  layout_caves
Slime:4:  layout_caves, nicolae_slime_rock_hall_of_fame
Slime:5:  slime_pit_nicolae_royal_road_to_ruin
Orc:1:    layout_diamond_mine, basic_altar, serial_shops
Orc:2:    pf_orc_diabolical, layout_caves, enter_volcano_1, basic_altar
Elf:1:    eino_elf_arrival_the_gate, layout_loops_cross, serial_shops, shop,
          evilmike_minifort, serial_sigils_hangedman_etch, minivault_14,
          hex_medium
Elf:2:    elven_hall_of_blades_hangedman_alternative [mumra_blade_entry_dagger],
          layout_onion_city, serial_shops, shop,
          nicolae_elf_double_double_double_trouble
Elf:3:    minmay_elf_hall_dome, layout_geoelf_octagon,
          gammafunk_ghost_abyssal_escape
Vaults:1: nicolae_vaults_trapezoid_lopsided_1, nicolae_vaults_sightless_eye,
          hangedman_vaults_river_flow, nicolae_vaults_house_1,
          grunt_vaults_hallway_long, nicolae_vaults_tetromino_T_2, v_misc_17,
          nicolae_vaults_storage_room_doors, v_misc_22, dpeg_vaults_monster_row,
          ontoclasm_vaults_shuriken, nicolae_vaults_mini_display_case,
          nicolae_vaults_storage_room_water, nicolae_vaults_house_3,
          hangedman_vaults_stagger, nicolae_vaults_house_3,
          grunt_vaults_trifunnel, ontoclasm_vaults_claustrophobia,
          layout_vaults_maze, serial_shops, shop_fountains, uniq_zenata,
          uniq_asterion
Vaults:2: minmay_crypt_entry_necro_gods, nicolae_vaults_statue_guard,
          vaults_room_grunt_arrival_checkpoint,
          nicolae_vaults_network_periphery, v_misc_12,
          nicolae_vaults_offset_grid_hallway_1,
          nicolae_vaults_trapezoid_layered, nicolae_vaults_closet_pinwheel_5,
          vaults_room_pool, hangedman_vaults_locks, ontoclasm_vaults_idyll,
          nicolae_vaults_tetromino_Z_1, nicolae_vaults_apartment_2,
          layout_vaults_ring
Vaults:3: nicolae_vaults_murderbox, nicolae_vaults_tetromino_T_1,
          ontoclasm_vaults_twist, nicolae_vaults_surprise_closet,
          hangedman_vaults_cutoff, vaults_dpeg_emergency_exit, v_misc_27,
          vaults_dpeg_hooks, layout_vaults_big_room, serial_shops,
          nicolae_diamond_shop, uniq_mennas
Vaults:4: nicolae_vaults_alarming, ontoclasm_vaults_eye, v_misc_12,
          grunt_vaults_swirl, v_misc_4, vaults_mumra_minichess, v_misc_13,
          nicolae_vaults_offset_grid_hallway_3, layout_vaults_omnibox,
          serial_shops, shop, uniq_xtahua
Vaults:5: serial_shops
Crypt:1:  layout_misc_corridors, minmay_guarded_unrand_zonguldrok
Crypt:2:  layout_chaotic_city, minmay_misc_feat_rows,
          roderic_lattice_octagonal_star, lemuel_upstairs_altar, uniq_boris
Crypt:3:  due_elkab, layout_chaotic_city, tomb_entry_forgotten_bobbens
Depths:1: layout_cave_pools, enter_ziggurat_c, minivault_11, hell_entry,
          tso_oasis_becter
Depths:2: minmay_slanted_spiral_squares, layout_gridlike, pan_entry,
          pf_coc_iceberg, infiniplex_staircase_pool_lava
Depths:3: dreamdust_tengu_aerie, layout_gridlike, marbit_kobold_abyss_entry,
          grunt_metal_band, serial_sigils_hangedman_writhe,
          minmay_staircase_bubble, uniq_margery
Depths:4: grunt_crosshair, layout_long_grid, hell_entry, minmay_shop_star
Zot:1:    layout_gridlike
Zot:2:    layout_gridlike, bh_zot_levy_curve
Zot:3:    layout_misc_corridors, nicolae_rock_paper_scissors
Zot:4:    layout_onion_interference, st_stairs_1, grunt_ministairs_13,
          grunt_megastairs_3
Zot:5:    layout_misc_corridors, lemuel_flame_loot_1

Notes
Turn   | Place    | Note
-------+----------+-------------------------------------------
     0 | D:1      | MackTheKnife the Draconian Shapeshifter began the quest for
                  | the Orb.
     0 | D:1      | Reached XP level 1. HP: 16/16 MP: 1/1
     0 | D:1      | magus.rc [v1.9.6]
   862 | D:2      | Reached skill level 2 in Fighting
   862 | D:2      | Reached XP level 2. HP: 20/24 MP: 2/2
   882 | D:2      | You add the spells Blink and Manifold Assault to your
                  | library.
  1058 | D:2      | Reached XP level 3. HP: 28/30 MP: 3/3
  1908 | D:3      | Reached skill level 3 in Fighting
  1908 | D:3      | Reached skill level 4 in Unarmed Combat
  2104 | D:3      | Reached XP level 4. HP: 36/38 MP: 4/4
  2111 | D:3      | HP: 8/38 [gnoll/+0 spear (6)]
  2316 | D:3      | Found a faded altar of an unknown god.
  2446 | D:3      | Noticed Grinder
  2471 | D:3      | Killed Grinder
  2472 | D:3      | Reached skill level 4 in Fighting
  2472 | D:3      | Reached skill level 5 in Unarmed Combat
  2472 | D:3      | Reached XP level 5. HP: 40/47 MP: 5/5
  2472 | D:3      | Reached XP level 6. HP: 47/55 MP: 6/6
  2778 | D:4      | Reached skill level 5 in Fighting
  2886 | D:4      | HP: 14/56 [poisoned by a scorpion]
  2891 | D:4      | HP: 10/56 [poisoned by a scorpion]
  3387 | D:4      | Reached skill level 6 in Unarmed Combat
  3389 | D:4      | Your scales start taking on a fiery red colour.
  3389 | D:4      | Reached XP level 7. HP: 28/62 MP: 7/7
  3389 | D:4      | Gained mutation: Your flesh is heat resistant. (rF+) [Red
                  | Draconian growth]
  3390 | D:4      | HP: 15/62 [poisoned by a gnoll]
  3829 | D:4      | Found a blossoming altar of Fedhas.
  3902 | D:5      | Entered Level 5 of the Dungeon
  4002 | D:5      | Reached skill level 6 in Fighting
  4013 | D:5      | Reached skill level 7 in Unarmed Combat
  4015 | D:5      | Found an ancient bone altar of Kikubaaqudgha.
  4024 | D:5      | You pick up a book of Spatial Translocations and begin
                  | reading...
  4024 | D:5      | You add the spells Momentum Strike and Lesser Beckoning to
                  | your library.
  4201 | D:5      | Found a shadowy altar of Dithmenos.
  4403 | D:5      | Reached skill level 8 in Unarmed Combat
  4508 | D:5      | Reached skill level 2 in Dodging
  4508 | D:5      | Reached XP level 8. HP: 50/70 MP: 8/8
  4747 | D:5      | Found a staircase to the Ecumenical Temple.
  4897 | Temple   | Entered the Ecumenical Temple
  4927 | Temple   | Became a worshipper of Makhleb the Destroyer
  5015 | D:5      | Found an ornate altar of the Wu Jian Council.
  5063 | D:5      | Reached skill level 3 in Dodging
  5308 | D:6      | You pick up a book of the Wilderness and begin reading...
  5308 | D:6      | You add the spells Summon Forest, Summon Mana Viper and
                  | Summon Cactus Giant to your library.
  5322 | D:6      | Found Husaep's Armour Boutique.
  5379 | D:6      | Reached skill level 4 in Dodging
  5633 | D:6      | Reached skill level 5 in Dodging
  5735 | D:6      | Found a glowing drain.
  5740 | Sewer    | Entered a sewer
  5759 | Sewer    | Noticed Pargi
  5767 | Sewer    | Killed Pargi
  5790 | Sewer    | You pick up a book of Hexes and begin reading...
  5790 | Sewer    | You add the spells Anguish, Cause Fear and Enfeeble to your
                  | library.
  5876 | D:6      | Reached skill level 6 in Dodging
  5948 | D:6      | Noticed Prince Ribbit
  5970 | D:6      | Killed Prince Ribbit
  5988 | D:6      | Reached XP level 9. HP: 76/78 MP: 9/9
  6211 | D:7      | Found Mohah's Jewellery Shoppe.
  6243 | D:7      | Reached skill level 7 in Fighting
  6347 | D:7      | Reached * piety under Makhleb
  6515 | D:7      | Found a broken altar of Ashenzari.
  6568 | D:7      | Reached skill level 9 in Unarmed Combat
  6758 | D:7      | Found a bloodstained altar of Trog.
  6864 | D:7      | Reached skill level 8 in Fighting
  6866 | D:7      | You add the spells Eringya's Noxious Bog and Summon Hydra
                  | to your library.
  6936 | D:7      | Bought an amulet of reflection for 390 gold pieces
  7103 | D:8      | Reached skill level 10 in Unarmed Combat
  7331 | D:8      | Reached skill level 7 in Dodging
  7340 | D:8      | Found a flagged portal.
  7348 | D:8      | Identified the +8 hand axe of Obiter Dictum {elec, rPois}
  7351 | Bailey   | Entered a bailey
  7566 | Bailey   | Reached ** piety under Makhleb
  7633 | Bailey   | Reached XP level 10. HP: 88/88 MP: 10/10
  7674 | Bailey   | Reached skill level 8 in Dodging
  7950 | Bailey   | Acquired a manual of Dodging
  7952 | Bailey   | Acquired 715 gold pieces
  7967 | Bailey   | Found an iron altar of Okawaru.
  8005 | Bailey   | Acquired 641 gold pieces
  8043 | Bailey   | Identified the +3 chain mail "Puttemag" {Regen+ Int+2}
  8065 | Bailey   | Identified the +0 falchion "Embalmer" {heavy, Drain Str+2
                  | Dex+4}
  8120 | D:8      | Reached skill level 9 in Dodging
  8301 | D:8      | Found a hide-covered altar of Uskayaw.
  8559 | D:8      | Noticed a harpy
  8559 | D:8      | Noticed a boulder beetle
  8559 | D:8      | Noticed a wizard
  8560 | D:8      | Found a runed translucent door.
  8561 | D:8      | Noticed a deep elf pyromancer
  8562 | D:8      | Noticed a centaur warrior
  8562 | D:8      | Noticed a skeletal warrior
  8817 | D:9      | Reached skill level 10 in Dodging
  9167 | D:9      | Reached skill level 11 in Dodging
  9308 | D:9      | Reached *** piety under Makhleb
  9317 | D:9      | Reached skill level 12 in Dodging
  9363 | D:9      | Found a staircase to the Lair.
  9390 | D:9      | Reached skill level 13 in Dodging
  9413 | D:9      | Reached XP level 11. HP: 62/94 MP: 11/11
  9792 | D:9      | Noticed a two-headed ogre
  9793 | D:9      | Noticed an orange crystal statue
  9822 | D:9      | Killed a two-headed ogre
  9822 | D:9      | Noticed a brown ugly thing
  9937 | D:9      | Reached skill level 14 in Dodging
  9997 | D:9      | Paralysed by a hornet for 2 turns
 10262 | D:10     | Entered Level 10 of the Dungeon
 10267 | D:10     | Found a sparkling altar of Nemelex Xobeh.
 10450 | D:10     | Reached skill level 15 in Dodging
 10536 | D:10     | Reached skill level 4 in Shapeshifting
 10644 | D:10     | Noticed a two-headed ogre
 10657 | D:10     | Killed a two-headed ogre
 10682 | D:10     | Reached skill level 5 in Shapeshifting
 10691 | D:10     | Reached **** piety under Makhleb
 10727 | D:10     | magus.rc [v1.9.6]
 10873 | D:10     | Found a glowing golden altar of the Shining One.
 10874 | D:10     | You pick up a book of Storms and begin reading...
 10874 | D:10     | You add the spells Static Discharge, Airstrike and Summon
                  | Lightning Spire to your library.
 10918 | D:10     | Noticed Maurice
 10929 | D:10     | Killed Maurice
 10930 | D:10     | Reached skill level 6 in Shapeshifting
 11366 | D:11     | Noticed a brown ugly thing
 11378 | D:11     | Killed a brown ugly thing
 11553 | D:11     | Noticed a two-headed ogre
 11565 | D:11     | Killed a two-headed ogre
 11610 | D:11     | Reached skill level 9 in Fighting
 11822 | D:11     | Reached ***** piety under Makhleb
 11837 | D:11     | Reached XP level 12. HP: 100/104 MP: 12/12
 11858 | D:11     | Reached skill level 11 in Unarmed Combat
 12120 | Lair:1   | Entered Level 1 of the Lair of Beasts
 12161 | Lair:1   | You fall into a shaft and drop 1 floor!
 12161 | Lair:2   | Found a gate leading to a gauntlet.
 12211 | Gauntlet | Entered a Gauntlet
 12211 | Gauntlet | Noticed a tengu warrior
 12211 | Gauntlet | Found a transporter.
 12211 | Gauntlet | Found a transporter.
 12220 | Gauntlet | Found a transporter.
 12230 | Gauntlet | Found a transporter.
 12245 | Gauntlet | Found a transporter.
 12261 | Gauntlet | Found a transporter.
 12270 | Gauntlet | Found a transporter.
 12276 | Gauntlet | Found a transporter.
 12277 | Gauntlet | Noticed a tengu warrior
 12290 | Gauntlet | Found a transporter.
 12293 | Gauntlet | Found a transporter.
 12297 | Gauntlet | Found a transporter.
 12325 | Gauntlet | Found a transporter.
 12424 | Gauntlet | HP: 23/106 [meliai/+0 hand axe (8)]
 12427 | Gauntlet | Reached skill level 10 in Fighting
 12645 | Gauntlet | Identified the ring of Hepliaklqana's Grace {rPois rC+
                  | Will- Int+4 Slay-5}
 12652 | Gauntlet | You add the spells Swiftness, Silence and Plasma Beam to
                  | your library.
 12652 | Gauntlet | Got the Notes on Nephomancy
 12758 | Gauntlet | Noticed a minotaur
 12785 | Gauntlet | Killed a minotaur
 12910 | Gauntlet | Identified the ring of the Imbibing Gods {rC+ Int+6}
 12911 | Gauntlet | You pick up a book of Death and begin reading...
 12911 | Gauntlet | You add the spells Animate Dead, Haunt and Infestation to
                  | your library.
 12911 | Gauntlet | You pick up a book of the Hunter and begin reading...
 12911 | Gauntlet | You add the spells Call Canine Familiar, Portal Projectile
                  | and Leda's Liquefaction to your library.
 12911 | Gauntlet | You add the spells Olgreb's Toxic Radiance, Ignition and
                  | Discord to your library.
 12928 | Lair:2   | Reached skill level 12 in Unarmed Combat
 12978 | Lair:2   | Reached skill level 1 in Invocations
 12992 | Lair:1   | Reached skill level 2 in Invocations
 13039 | Lair:1   | Reached skill level 3 in Invocations
 13100 | Lair:1   | Reached skill level 4 in Invocations
 13385 | Lair:1   | You pick up a book of Lightning and begin reading...
 13385 | Lair:1   | You add the spells Vhi's Electric Charge and Arcjolt to
                  | your library.
 13420 | Lair:1   | Reached skill level 5 in Invocations
 13698 | Lair:1   | Reached skill level 6 in Invocations
 14075 | Lair:2   | Reached skill level 7 in Invocations
 14206 | Lair:2   | Reached skill level 8 in Invocations
 14352 | Lair:2   | Reached skill level 9 in Invocations
 14542 | Lair:2   | Found a staircase to the Shoals.
 14563 | Lair:2   | Reached XP level 13. HP: 113/113 MP: 20/20
 14604 | Lair:2   | Noticed Erica
 14622 | Lair:2   | Killed Erica
 14981 | Lair:2   | Reached skill level 10 in Invocations
 15568 | Lair:3   | Found a staircase to the Snake Pit.
 15591 | Lair:3   | Reached skill level 7 in Shapeshifting
 16616 | Lair:4   | Found a staircase to the Slime Pits.
 16651 | Lair:4   | Reached skill level 8 in Shapeshifting
 16976 | Lair:4   | Reached skill level 9 in Shapeshifting
 16990 | Lair:4   | Found a viscous altar of Jiyva.
 17361 | Lair:5   | Entered Level 5 of the Lair of Beasts
 17530 | Lair:5   | Reached skill level 10 in Shapeshifting
 17733 | Lair:5   | HP: 26/113 [poisoned by a cane toad]
 17736 | Lair:5   | HP: 12/113 [poisoned by a cane toad]
 17736 | Lair:5   | HP: 2/113 [komodo dragon (10)]
 18294 | Lair:5   | Noticed Rupert
 18350 | Lair:5   | Reached XP level 14. HP: 107/122 MP: 21/21
 18406 | Lair:5   | Paralysed by Rupert for 5 turns
 18419 | Lair:5   | Killed Rupert
 18477 | Lair:5   | Reached skill level 11 in Fighting
 18680 | Lair:5   | Reached skill level 13 in Unarmed Combat
 18811 | Lair:5   | Reached ****** piety under Makhleb
 19013 | Lair:5   | Reached skill level 12 in Fighting
 19027 | Lair:5   | Found a corrupted altar of Lugonu.
 19027 | Lair:5   | Found a one-way gate to the infinite horrors of the Abyss.
 19048 | Lair:5   | You pick up a book of Displacement and begin reading...
 19048 | Lair:5   | You add the spells Gell's Gravitas and Teleport Other to
                  | your library.
 19504 | D:12     | Reached skill level 14 in Unarmed Combat
 19522 | D:12     | Reached skill level 1 in Evocations
 19635 | D:12     | Reached skill level 2 in Evocations
 19716 | D:12     | Found Fius's Armour Emporium.
 19717 | D:12     | Found a staircase to the Orcish Mines.
 19734 | D:12     | Bought the +3 pair of gauntlets of War {Slay+5} for 760
                  | gold pieces
 19734 | D:12     | Found the +3 pair of gauntlets of War {Slay+5}
 19881 | D:12     | Reached skill level 3 in Evocations
 19914 | D:12     | Reached skill level 4 in Evocations
 20146 | Orc:1    | Entered Level 1 of the Orcish Mines
 20178 | Orc:1    | Reached skill level 5 in Evocations
 20314 | Orc:1    | Reached skill level 6 in Evocations
 20569 | Orc:2    | Entered Level 2 of the Orcish Mines
 20793 | Orc:2    | Found a dark tunnel.
 20797 | Orc:2    | Found a staircase to the Elven Halls.
 20802 | Volcano  | Entered a volcano
 21213 | Orc:2    | Found Mevoocea's Magic Scroll Shoppe.
 21231 | Orc:2    | Found Wiuzoeh's Distillery.
 21310 | Orc:2    | Reached XP level 15. HP: 83/134 MP: 22/22
 21515 | Orc:2    | Bought a scroll of blinking for 90 gold pieces
 21517 | Orc:2    | Bought a potion of heal wounds for 70 gold pieces
 21734 | Orc:2    | Reached skill level 13 in Fighting
 21919 | Orc:2    | Found Oniojanu's Book Shop.
 21919 | Orc:2    | Found a one-way gate leading to the halls of Pandemonium.
 21919 | Orc:2    | Found Pigan's Antique Armour Boutique.
 22018 | Orc:2    | Reached skill level 15 in Unarmed Combat
 22429 | Elf:1    | Entered Level 1 of the Elven Halls
 22919 | D:13     | Reached skill level 14 in Fighting
 23328 | D:13     | Found a gate to the Vaults.
 23500 | D:13     | Reached skill level 16 in Unarmed Combat
 23696 | D:13     | You pick up a book of Conjurations {@e2} and begin
                  | reading...
 23696 | D:13     | You add the spells Magic Dart, Searing Ray and Fulminant
                  | Prism to your library.
 24136 | D:14     | Learned a level 2 spell: Blink
 24232 | D:14     | You fall into a shaft and drop 1 floor!
 24232 | D:15     | Entered Level 15 of the Dungeon
 24329 | D:14     | Reached skill level 15 in Fighting
 24577 | D:14     | You pick up a book of Changes and begin reading...
 24577 | D:14     | You add the spells Wereblood and Irradiate to your library.
 24698 | D:14     | Reached XP level 16. HP: 151/151 MP: 23/23
 25178 | D:14     | Reached skill level 16 in Fighting
 25305 | D:14     | Noticed Jorgrun
 25321 | D:14     | Killed Jorgrun
 25948 | D:15     | Found a transporter.
 25954 | D:15     | Found a bloodstained altar of Trog.
 25962 | D:15     | Noticed Aneev's ghost (adept TrFi)
 25996 | D:15     | Found a transporter.
 26141 | D:15     | Gained mutation: You have a somewhat thin skeletal
                  | structure. (Dex +2, Stealth+) [potion of mutation]
 26141 | D:15     | Gained mutation: You possess an exceptional clarity of
                  | mind. [potion of mutation]
 26141 | D:15     | Gained mutation: You do not regenerate when monsters are
                  | visible. [potion of mutation]
 26142 | D:15     | Lost mutation: You have a somewhat thin skeletal structure.
                  | (Dex +2, Stealth+) [potion of mutation]
 26142 | D:15     | Lost mutation: You do not regenerate when monsters are
                  | visible. [potion of mutation]
 26142 | D:15     | Lost mutation: You possess an exceptional clarity of mind.
                  | [potion of mutation]
 26142 | D:15     | Gained mutation: You occasionally lose the ability to read
                  | scrolls when taking damage. [potion of mutation]
 26143 | D:15     | Lost mutation: You occasionally lose the ability to read
                  | scrolls when taking damage. [potion of mutation]
 26143 | D:15     | Gained mutation: Potions are less effective at restoring
                  | your health. [potion of mutation]
 26143 | D:15     | Gained mutation: You have supernaturally acute eyesight.
                  | (SInv) [potion of mutation]
 26143 | D:15     | Gained mutation: Your mind is acute. (Int +4, Str/Dex -1)
                  | [potion of mutation]
 26144 | D:15     | Lost mutation: Potions are less effective at restoring your
                  | health. [potion of mutation]
 26144 | D:15     | Lost mutation: You have supernaturally acute eyesight.
                  | (SInv) [potion of mutation]
 26144 | D:15     | Lost mutation: Your mind is acute. (Int +4, Str/Dex -1)
                  | [potion of mutation]
 26144 | D:15     | Gained mutation: You expend magic power (3 MP) to
                  | strengthen your wands. [potion of mutation]
 26144 | D:15     | Gained mutation: You are agile. (Dex +4, Str/Int -1)
                  | [potion of mutation]
 26263 | D:15     | Paralysed by an orc sorcerer for 3 turns
 26290 | D:15     | Found a staircase to the Depths.
 26622 | Snake:1  | Entered Level 1 of the Snake Pit
 26631 | Snake:1  | Reached skill level 16 in Dodging
 26677 | Snake:1  | Upgraded the game from 0.31-a0-544-gceb718ecc6 to
                  | 0.31-a0-557-g6e16503903
 26677 | Snake:1  | magus.rc [v1.9.6]
 26740 | Snake:1  | You pick up a book of Conjurations {@e2} and begin
                  | reading...
 27137 | Snake:1  | Found Cohil's Armour Emporium.
 27139 | Snake:1  | Found Zeabusei's Assorted Antiques.
 27143 | Snake:1  | Found Uplul's General Store.
 27158 | Snake:1  | Bought a dented platinum amulet for 155 gold pieces
 27164 | Snake:1  | Found Jyceomag's Magic Scroll Shop.
 27173 | Snake:1  | Bought a granite talisman for 880 gold pieces
 27173 | Snake:1  | Bought a scroll of revelation for 82 gold pieces
 27173 | Snake:1  | Bought a lightning rod (4/4) for 440 gold pieces
 27178 | Snake:1  | Bought a scroll of teleportation for 51 gold pieces
 27178 | Snake:1  | Bought a scroll of fog for 68 gold pieces
 27768 | Snake:1  | Found Simacwi's Assorted Antiques.
 27782 | Snake:1  | Bought 2 metallic green potions for 41 gold pieces
 27783 | Snake:1  | Bought a scroll of fog for 92 gold pieces
 28734 | Snake:2  | Reached skill level 11 in Shapeshifting
 28808 | Snake:2  | Found Mireptiylo's Jewellery Emporium.
 29250 | Snake:2  | You pick up a book of Alchemy and begin reading...
 29490 | Snake:2  | Reached skill level 12 in Shapeshifting
 29663 | Snake:3  | Noticed Aizul
 29675 | Snake:3  | Killed Aizul
 29757 | Snake:3  | Noticed Nikola
 29788 | Snake:3  | Killed Nikola
 29903 | Snake:3  | Noticed Vashnia
 29927 | Snake:3  | Killed Vashnia
 30002 | Snake:3  | You pick up a book of the Earth and begin reading...
 30002 | Snake:3  | You add the spells Lee's Rapid Deconstruction and Leda's
                  | Unmaking to your library.
 30269 | Snake:3  | Reached XP level 17. HP: 158/158 MP: 24/24
 30274 | Snake:3  | Reached skill level 13 in Shapeshifting
 30285 | Snake:3  | Found Meung's Armour Boutique.
 30290 | Snake:3  | Found Wukeegyl's Antique Weapon Shop.
 30472 | Snake:3  | Found Junuk's Magic Scroll Boutique.
 30589 | Snake:4  | Entered Level 4 of the Snake Pit
 30848 | Snake:4  | Noticed Donald
 30860 | Snake:4  | Killed Donald
 30862 | Snake:4  | u - a +5 eveningstar of holy wrath {macerare=g}
 30969 | Snake:4  | HP: 43/175 [nagaraja/poison arrow (5)]
 30973 | Snake:4  | HP: 19/175 [nagaraja/+0 spear (9)]
 30980 | Snake:4  | HP: 19/175 [nagaraja/+0 whip (4)]
 31464 | Snake:4  | Reached skill level 14 in Shapeshifting
 31713 | Snake:4  | Reached skill level 15 in Shapeshifting
 31724 | Snake:4  | Reached skill level 11 in Invocations
 31733 | Snake:4  | Got a serpentine rune of Zot
 32035 | Shoals:1 | Entered Level 1 of the Shoals
 32071 | Shoals:1 | Reached skill level 12 in Invocations
 32072 | Shoals:1 | Reached skill level 1 in Shields
 32100 | Shoals:1 | Reached skill level 2 in Shields
 32165 | Shoals:1 | magus.rc [v1.9.6]
 32258 | Shoals:1 | Reached skill level 3 in Shields
 32378 | Shoals:1 | Reached skill level 4 in Shields
 32663 | Shoals:1 | Reached skill level 5 in Shields
 33120 | Vaults:1 | Entered Level 1 of the Vaults
 33205 | Vaults:1 | Reached XP level 18. HP: 166/166 MP: 27/27
 33215 | Vaults:1 | Reached skill level 6 in Shields
 33305 | Vaults:1 | Reached skill level 7 in Shields
 33382 | Vaults:1 | Noticed Asterion
 33392 | Vaults:1 | Killed Asterion
 33620 | Vaults:1 | Reached skill level 8 in Shields
 33715 | Vaults:1 | Reached skill level 9 in Shields
 33763 | Vaults:1 | Noticed Zenata
 33781 | Vaults:1 | Reached skill level 10 in Shields
 34553 | Orc:2    | Bought a scroll of teleportation for 36 gold pieces
 34553 | Orc:2    | Bought a scroll of summoning for 114 gold pieces
 34780 | Snake:1  | Bought a scroll of teleportation for 51 gold pieces
 34780 | Snake:1  | Bought a scroll of teleportation for 51 gold pieces
 34829 | Snake:1  | Bought a scroll of teleportation for 69 gold pieces
 34885 | Snake:3  | Bought a scroll of teleportation for 51 gold pieces
 35871 | Shoals:2 | Found Jyarghoce's Visitors' Centre.
 35944 | Shoals:2 | Gained mutation: You are weak. (Str -2) [a cacodemon]
 36244 | D:15     | Reached skill level 11 in Shields
 36258 | D:15     | Killed Aneev's ghost
 36283 | D:15     | I - a +1 antimagic eveningstar {macerare=g}
 36402 | D:15     | You pick up a book of the Warp and begin reading...
 36402 | D:15     | You add the spells Dispersal and Disjunction to your
                  | library.
 36416 | D:15     | You drop a +5 eveningstar of holy wrath {macerare=g}.
 36418 | D:15     | You drop a +1 antimagic eveningstar {macerare=g}.
 36684 | Shoals:3 | Reached skill level 17 in Fighting
 36696 | Shoals:3 | Reached XP level 19. HP: 177/177 MP: 28/28
 36765 | Shoals:3 | Noticed Polyphemus
 36784 | Shoals:3 | Killed Polyphemus
 36794 | Shoals:3 | Noticed Bai Suzhen
 36817 | Shoals:3 | Killed Bai Suzhen
 36818 | Shoals:3 | Reached skill level 17 in Unarmed Combat
 36821 | Shoals:3 | Found a frozen archway.
 36825 | IceCv    | Entered an ice cave
 36836 | IceCv    | HP: 50/230 [golden dragon simulacrum (18)]
 37425 | Shoals:4 | Entered Level 4 of the Shoals
 37538 | Shoals:4 | Reached skill level 12 in Shields
 37555 | Shoals:4 | HP: 35/201 [alligator snapping turtle (33)]
 37563 | Shoals:4 | HP: 33/204 [alligator snapping turtle (25)]
 37576 | Shoals:4 | Got a barnacled rune of Zot
 38018 | Vaults:1 | Zenata changed into Zenata the eight-headed hydra
 38018 | Vaults:1 | Noticed Zenata
 38025 | Vaults:1 | Killed Zenata the eight-headed hydra
 38045 | Vaults:1 | a +3 triple sword {longrare=g}; a +1 ring mail of poison
                  | resistance
 38050 | Vaults:1 | w - a +3 triple sword {longrare=g}
 38298 | Vaults:1 | Found Asehoan's General Store.
 38787 | Vaults:2 | Reached skill level 18 in Fighting
 38824 | Vaults:2 | Paralysed by a sphinx for 3 turns
 39023 | Vaults:2 | Found a staircase to the Crypt.
 39023 | Vaults:2 | Found a basalt altar of Yredelemnul.
 39024 | Vaults:2 | Found an ancient bone altar of Kikubaaqudgha.
 39513 | Vaults:2 | Reached skill level 13 in Shields
 39517 | Vaults:2 | Reached skill level 18 in Unarmed Combat
 39927 | Vaults:3 | Identified the +4 great sword of Famine {venom, rN+ Will++
                  | Str+2}
 40139 | Vaults:3 | Found Pazuah's Distillery.
 40165 | Vaults:3 | Bought a potion of cancellation for 168 gold pieces
 40165 | Vaults:3 | Bought a potion of might for 84 gold pieces
 40165 | Vaults:3 | Bought 2 potions of enlightenment for 210 gold pieces
 40165 | Vaults:3 | Bought 2 potions of might for 168 gold pieces
 40226 | Vaults:3 | You pick up a book of Dangerous Friends and begin
                  | reading...
 40226 | Vaults:3 | You add the spells Summon Guardian Golem, Orb of
                  | Destruction and Spellforged Servitor to your library.
 40238 | Vaults:3 | Noticed Mennas
 40252 | Vaults:3 | Killed Mennas
 40253 | Vaults:3 | Reached XP level 20. HP: 189/189 MP: 29/29
 41210 | Vaults:4 | Found Ziuv's Assorted Antiques.
 41217 | Vaults:4 | Reached skill level 19 in Fighting
 41224 | Vaults:4 | Bought a knobbly coral ring for 130 gold pieces
 41225 | Vaults:4 | Bought a pair of spiked gloves for 247 gold pieces
 41225 | Vaults:4 | Identified the +0 pair of gloves of Jossil {Rampage rPois
                  | Str+5 Slay-2} (You bought it in a shop on level 4 of the
                  | Vaults)
 41230 | Vaults:4 | Noticed Xtahua
 41354 | Vaults:4 | You pick up a book of Displacement and begin reading...
 41365 | Vaults:4 | Identified the +1 trident of Yeast {elec, rF+ Int+2 Stlth+}
 41431 | Vaults:4 | Identified the +4 scale mail of Elyvilon's Wrath {rF+ rC+}
 41505 | Vaults:4 | Reached skill level 14 in Shields
 41709 | Vaults:4 | Paralysed by Xtahua for 2 turns
 41713 | Vaults:4 | Killed Xtahua
 42380 | Depths:1 | Entered Level 1 of the Depths
 42407 | Depths:1 | Paralysed by a floating eye for 4 turns
 42417 | Depths:1 | Reached skill level 19 in Unarmed Combat
 42787 | Elf:1    | Found Kuygoyso's Weapon Shoppe.
 43392 | Elf:2    | Found a huge runed translucent gate.
 43393 | Elf:2    | Found a huge runed translucent gate.
 43393 | Elf:2    | Found a huge runed translucent gate.
 43393 | Elf:2    | Found a huge runed translucent gate.
 43393 | Elf:2    | Found a huge runed translucent gate.
 43394 | Elf:2    | Found a huge runed translucent gate.
 43394 | Elf:2    | Found a huge runed translucent gate.
 43395 | Elf:2    | Found a huge runed translucent gate.
 43416 | Elf:2    | Paralysed by an air elemental for 1 turns
 43738 | Elf:2    | You drop a +3 triple sword {longrare=g}.
 43740 | Elf:2    | w - a +3 triple sword {longrare=g}
 43907 | Elf:2    | Found Itaemn's Antique Weapon Shop.
 43990 | Elf:2    | You pick up a book of Dangerous Friends and begin
                  | reading...
 44065 | Elf:2    | Found a huge runed translucent gate.
 44065 | Elf:2    | Found a huge runed translucent gate.
 44065 | Elf:2    | Found a huge runed translucent gate.
 44071 | Elf:2    | Found a huge runed translucent gate.
 44071 | Elf:2    | Found a huge runed translucent gate.
 44096 | Elf:2    | Identified the +5 double sword "Ilad" {speed, rPois MP-9
                  | Str+4}
 44145 | Elf:3    | Entered Level 3 of the Elven Halls
 44149 | Elf:2    | You drop a +3 triple sword {longrare=g}.
 44168 | Elf:3    | Found a transporter.
 44204 | Elf:3    | Found a transporter.
 44204 | Elf:3    | Noticed Nevets123's ghost (adept MiBe)
 44322 | Elf:3    | Reached skill level 20 in Fighting
 44845 | Elf:3    | You are cast into the Abyss!
 44845 | Abyss:2  | Cast into level 2 of the Abyss (a deep elf demonologist)
 45097 | Abyss:2  | Reached XP level 21. HP: 202/202 MP: 30/30
 45190 | Abyss:2  | Gained mutation: Potions are less effective at restoring
                  | your health. [a neqoxec]
 45239 | Elf:3    | You pass through the gate.
 45239 | Elf:3    | Escaped the Abyss
 45288 | Elf:3    | w - a +0 quick blade {shortrare=g}
 45288 | Elf:3    | X - a +0 quick blade {shortrare=g}
 45296 | Elf:3    | You drop a +0 quick blade {shortrare=g}.
 45297 | Elf:3    | You drop a +0 quick blade {shortrare=g}.
 45306 | Elf:3    | Identified the +9 long sword "Qucee" {freeze, Fly rC+}
 45343 | Elf:3    | Reached skill level 20 in Unarmed Combat
 45521 | Elf:3    | You add the spells Alistair's Intoxication and Borgnjor's
                  | Vile Clutch to your library.
 45525 | Elf:3    | You pick up a book of the Senses and begin reading...
 45525 | Elf:3    | You add the spells Dazzling Flash and Agony to your
                  | library.
 45540 | Elf:3    | You pick up a book of Death and begin reading...
 45561 | Elf:3    | Identified the +3 broad axe of Pohejuobo {holy, +Blink Fly
                  | rN+ Dex+3}
 45644 | Elf:3    | You pick up a book of Burglary and begin reading...
 45644 | Elf:3    | You add the spells Passwall and Ensorcelled Hibernation to
                  | your library.
 45646 | Elf:3    | Identified the +5 short sword of Resumed Hostilities
                  | {flame, rF++ rN+ Dex-2}
 45651 | Elf:3    | Identified the +0 kite shield of the Pit {rC- Dex+6 Stlth+}
 45657 | Elf:3    | You pick up a book of Vapours and begin reading...
 45657 | Elf:3    | You add the spells Poisonous Vapours, Mephitic Cloud and
                  | Freezing Cloud to your library.
 45662 | Elf:3    | You pick up a book of Displacement and begin reading...
 45671 | Elf:3    | You pick up a book of Callings and begin reading...
 45673 | Elf:3    | Identified the scarf "Fasyixin" {shadows, rElec rC+ Str+6
                  | Dex-5}
 45675 | Elf:3    | Identified the +2 orcbow "Gedijih" {speed, rElec MP+9}
 45711 | Elf:3    | Got the Precepts of the Quake
 45760 | Elf:3    | X - a +0 quick blade {shortrare=g}
 45760 | Elf:3    | w - a +0 quick blade {shortrare=g}
 45785 | Elf:3    | You drop a +0 quick blade {shortrare=g}.
 45786 | Elf:3    | You drop a +0 quick blade {shortrare=g}.
 46130 | Slime:1  | Entered Level 1 of the Pits of Slime
 46158 | Lair:4   | Reached skill level 21 in Fighting
 46166 | Lair:4   | Fell from the grace of Makhleb
 46166 | Lair:4   | Became a worshipper of Jiyva Jabremig the Shapeless
 46297 | Lair:5   | Voluntarily entered the Abyss.
 46558 | Abyss:2  | Lost mutation: Potions are less effective at restoring your
                  | health. [potion of mutation]
 46558 | Abyss:2  | Lost mutation: You are weak. (Str -2) [potion of mutation]
 46558 | Abyss:2  | Gained mutation: Your muscles are strong. (Str +4, Int/Dex
                  | -1) [potion of mutation]
 46809 | Abyss:2  | Reached * piety under Jiyva
 46821 | Abyss:2  | Reached skill level 22 in Fighting
 46827 | Abyss:2  | Paralysed by accursed screaming for 1 turns
 46829 | Lair:5   | You pass through the gate.
 46829 | Lair:5   | Escaped the Abyss
 47247 | Crypt:1  | Entered Level 1 of the Crypt
 47356 | Crypt:1  | Paralysed by something for 5 turns
 47565 | Crypt:1  | Paralysed by something for 2 turns
 47568 | Crypt:1  | Paralysed by something for 2 turns
 47750 | Crypt:1  | Reached skill level 21 in Unarmed Combat
 47802 | Crypt:1  | Found the +9 sword of Zonguldrok {reap}
 47913 | Crypt:1  | Reached skill level 23 in Fighting
 48001 | Crypt:1  | Noticed a curse skull
 48010 | Crypt:1  | Killed a curse skull
 48297 | Crypt:2  | Reached ** piety under Jiyva
 48423 | Crypt:2  | Noticed Boris
 48437 | Crypt:2  | Killed Boris
 48514 | Crypt:2  | Reached XP level 22. HP: 221/221 MP: 31/31
 48997 | Crypt:3  | Entered Level 3 of the Crypt
 49043 | Crypt:3  | Was forgiven by Makhleb
 49119 | Crypt:3  | Reached skill level 24 in Fighting
 49258 | Crypt:3  | Noticed a curse skull
 49283 | Crypt:3  | Killed a curse skull
 49378 | Crypt:3  | Reached *** piety under Jiyva
 49436 | Crypt:3  | Identified the staff "Kimmualli" {rC+ Dex+4 Ice}
 49534 | Crypt:3  | Reached skill level 22 in Unarmed Combat
 49557 | Crypt:3  | Lost mutation: You are agile. (Dex +4, Str/Int -1) [Jiyva's
                  | grace]
 49557 | Crypt:3  | Gained mutation: Your flesh is cold resistant. (rC+)
                  | [Jiyva's grace]
 49557 | Crypt:3  | Gained mutation: Your flesh is very cold resistant. (rC++)
                  | [Jiyva's grace]
 49557 | Crypt:3  | Gained mutation: Your flesh is almost immune to the effects
                  | of cold. (rC+++) [Jiyva's grace]
 49557 | Crypt:3  | Gained mutation: You have an increased reservoir of magic.
                  | (+10% MP) [Jiyva's grace]
 49635 | Crypt:3  | You pick up a book of Vapours and begin reading...
 49637 | Crypt:3  | You pick up a book of Spatial Translocations and begin
                  | reading...
 49642 | Crypt:3  | You add the spells Borgnjor's Revivification and Death's
                  | Door to your library.
 49730 | Crypt:3  | Reached skill level 25 in Fighting
 49839 | Crypt:3  | You add the spells Kiss of Death and Vampiric Draining to
                  | your library.
 49839 | Crypt:3  | Got the Dissertation on the Grave
 50266 | Crypt:3  | Found a staircase to the Tomb.
 50475 | Crypt:3  | Noticed a dread lich
 50482 | Crypt:3  | Killed a dread lich
 50924 | Depths:1 | Noticed an ancient lich
 50925 | Depths:1 | Found a one-way gateway to a ziggurat.
 50925 | Depths:1 | Noticed an ancient lich
 51014 | Depths:1 | Found a glowing golden altar of the Shining One.
 51118 | Depths:1 | Found a gateway to Hell.
 51292 | Depths:2 | Reached **** piety under Jiyva
 51314 | Depths:2 | Reached skill level 23 in Unarmed Combat
 51853 | Depths:2 | Noticed a caustic shrike
 51865 | Depths:2 | Killed a caustic shrike
 51884 | Depths:2 | w - a +2 quick blade of freezing {shortrare=g}
 52077 | Depths:3 | Reached ***** piety under Jiyva
 52283 | Depths:3 | Noticed Boris
 52305 | Depths:3 | Killed Boris
 52387 | Depths:3 | Reached XP level 23. HP: 234/234 MP: 35/35
 52702 | Depths:3 | Reached skill level 16 in Shapeshifting
 52828 | Depths:3 | Noticed Margery
 52847 | Depths:3 | Killed Margery
 53222 | Depths:4 | Entered Level 4 of the Depths
 53317 | Depths:4 | Found Sal Wyot's Antique Weapon Boutique.
 53383 | Depths:4 | Found a gate to the Realm of Zot.
 53769 | Depths:4 | Lost mutation: Your muscles are strong. (Str +4, Int/Dex
                  | -1) [Jiyva's grace]
 53769 | Depths:4 | Gained mutation: You are agile. (Dex +4, Str/Int -1)
                  | [Jiyva's grace]
 53769 | Depths:4 | Gained mutation: You are very agile. (Dex +8, Str/Int -2)
                  | [Jiyva's grace]
 53769 | Depths:4 | Gained mutation: You have a pair of small antennae on your
                  | head. [Jiyva's grace]
 53769 | Depths:4 | Gained mutation: You have a pair of antennae on your head.
                  | [Jiyva's grace]
 54585 | Vaults:5 | Entered Level 5 of the Vaults
 54588 | Vaults:5 | Reached skill level 17 in Shapeshifting
 54795 | Vaults:5 | Noticed an ancient lich
 54886 | Vaults:5 | Identified the +8 long sword of Futzydof {vamp, Dex+3}
 54904 | Vaults:5 | +0 storm dragon scales {rare}; a storm dragon corpse
 55052 | Vaults:5 | Reached skill level 18 in Shapeshifting
 55154 | Vaults:5 | Noticed a dread lich
 55167 | Vaults:5 | Killed a dread lich
 55186 | Vaults:5 | Noticed an ancient lich
 55203 | Vaults:5 | Killed an ancient lich
 55255 | Vaults:5 | Killed an ancient lich
 55256 | Vaults:5 | Reached skill level 19 in Shapeshifting
 55256 | Vaults:5 | Reached XP level 24. HP: 242/242 MP: 35/35
 55417 | Vaults:5 | Got a silver rune of Zot
 55420 | Vaults:5 | Got the Precepts of Changing and the Syncline
 55431 | Vaults:5 | You pick up a book of the Spheres and begin reading...
 55431 | Vaults:5 | You add the spells Iskenderun's Battlesphere, Fireball and
                  | Conjure Ball Lightning to your library.
 55433 | Vaults:5 | You pick up a book of Burglary and begin reading...
 55562 | Vaults:5 | Identified the amulet "Merogisch" {Reflect Dex-5 Slay+4
                  | SH+5 Stlth+}
 55578 | Vaults:5 | You drop a +2 quick blade of freezing {shortrare=g}.
 55598 | Vaults:5 | Identified the +4 spear "Dragon's Tongue" {heavy, *Rage
                  | +Blink Dex+5}
 55729 | Vaults:5 | Reached skill level 20 in Shapeshifting
 55756 | Vaults:5 | Reached ****** piety under Jiyva
 56302 | Slime:5  | Entered Level 5 of the Pits of Slime
 56415 | Slime:5  | Noticed the Royal Jelly
 56421 | Slime:5  | Found a viscous altar of Jiyva.
 56434 | Slime:5  | Identified the +2 helmet of Pessimism {Str+2 Int-2 Dex+4}
 56438 | Slime:5  | Got the Directory of Impurities
 56441 | Slime:5  | Identified the staff "Globulus" {rElec rC+ Str+3 Air}
 56445 | Slime:5  | Got Osoutong's Vellum of the Cure
 56457 | Slime:5  | You add the spells Summon Ice Beast and Ozocubu's
                  | Refrigeration to your library.
 56457 | Slime:5  | Got the Vademecum on Icy Permutations
 56461 | Slime:5  | Identified the +4 quarterstaff of Domination {freeze, rF+
                  | rN+}
 56469 | Slime:5  | Identified the staff of Discord {rElec rPois rN+ Will+
                  | Int-2 Poison}
 56473 | Slime:5  | Got a slimy rune of Zot
 56495 | Slime:5  | magus.rc [v1.9.6]
 56882 | Zot:1    | Entered Level 1 of the Realm of Zot
 56979 | Zot:3    | Identified +0 gold dragon scales
 56981 | Zot:3    | +0 gold dragon scales {rare}; a golden dragon corpse
 57038 | Zot:5    | Entered Level 5 of the Realm of Zot
 57265 | Zot:5    | Lost mutation: You are very agile. (Dex +8, Str/Int -2)
                  | [Jiyva's grace]
 57265 | Zot:5    | Lost mutation: Your flesh is almost immune to the effects
                  | of cold. (rC+++) [Jiyva's grace]
 57265 | Zot:5    | Gained mutation: You have sharp fingernails. [Jiyva's
                  | grace]
 57265 | Zot:5    | Gained mutation: You have very sharp fingernails. [Jiyva's
                  | grace]
 57265 | Zot:5    | Gained mutation: You have claws for hands. [Jiyva's grace]
 57265 | Zot:5    | Gained mutation: You are robust. (+10% HP) [Jiyva's grace]
 57355 | Zot:5    | quicksilver dragon scales {rare}; a quicksilver dragon
                  | corpse
 57359 | Zot:5    | quicksilver dragon scales {rare}; a quicksilver dragon
                  | corpse
 57362 | Zot:5    | Noticed an orb of fire
 57364 | Zot:5    | quicksilver dragon scales {rare}; a quicksilver dragon
                  | corpse
 57367 | Zot:5    | Lost mutation: You have an increased reservoir of magic.
                  | (+10% MP) [an orb of fire]
 57368 | Zot:5    | Killed an orb of fire
 57394 | Zot:5    | Noticed an ancient lich
 57404 | Zot:5    | Killed an ancient lich
 57405 | Zot:5    | Reached skill level 21 in Shapeshifting
 57446 | Zot:5    | Noticed an orb of fire
 57455 | Zot:5    | Killed an orb of fire
 57466 | Zot:5    | Noticed an electric golem
 57467 | Zot:5    | Identified +0 gold dragon scales
 57472 | Zot:5    | Noticed an orb of fire
 57475 | Zot:5    | Gained mutation: Your body sometimes deteriorates upon
                  | taking damage. [an orb of fire]
 57475 | Zot:5    | Noticed a Killer Klown
 57477 | Zot:5    | Noticed a dread lich
 57481 | Zot:5    | Gained mutation: Your body often deteriorates upon taking
                  | damage. [an orb of fire]
 57485 | Zot:5    | Gained mutation: You sometimes lose your temper in combat.
                  | [an orb of fire]
 57487 | Zot:5    | Killed an orb of fire
 57494 | Zot:5    | Killed a dread lich
 57505 | Zot:5    | Noticed an electric golem
 57513 | Zot:5    | Killed an electric golem
 57516 | Zot:5    | Killed a Killer Klown
 57531 | Zot:5    | Killed an electric golem
 57550 | Zot:5    | a +9 antimagic club {mace}; +0 gold dragon scales {rare}; a
                  | golden dragon corpse
 57557 | Zot:5    | Noticed a Killer Klown
 57575 | Zot:5    | Killed a Killer Klown
 57576 | Zot:5    | Noticed a Killer Klown
 57585 | Zot:5    | Reached skill level 22 in Shapeshifting
 57585 | Zot:5    | Reached XP level 25. HP: 273/273 MP: 32/32
 57590 | Zot:5    | Killed a Killer Klown
 57640 | Zot:5    | Got the Orb of Zot
 57657 | Zot:5    | Noticed Mideik the pandemonium lord
 57682 | Zot:4    | Killed Mideik the pandemonium lord
 57700 | Zot:3    | +0 gold dragon scales {rare}; a golden dragon skeleton
 57702 | Zot:3    | Identified +0 pearl dragon scales
 57702 | Zot:3    | Noticed a seraph
 57835 | D:15     | Noticed Hoapueni the pandemonium lord
 57855 | D:15     | Killed Hoapueni the pandemonium lord
 58197 | D:$      | Escaped with the Orb!

Vanquished Creatures
  3 dread liches
  3 ancient liches
  3 orbs of fire (Zot:5)
  2 pandemonium lords
  Mennas (Vaults:3)
  Boris (twice) (Crypt:2 Depths:3)
  3 Killer Klowns (Zot:5)
  Margery (Depths:3)
  Bai Suzhen (Shoals:3)
  Xtahua (Vaults:4)
  A caustic shrike (Depths:2)
  6 golden dragons
  4 bone dragons
  A Brimstone Fiend (Depths:3)
  2 electric golems (Zot:5)
  Rupert (Lair:5)
  4 liches
  5 tentacled monstrosities
  A walking earthen tome (Depths:4)
  20 Orb Guardians
  2 deep elf blademasters (Elf:3)
  Polyphemus (Shoals:3)
  Asterion (Vaults:1)
  2 titans (Vaults:5)
  2 quicksilver dragons (Zot:5)
  An acid blob (Lair:4)
  7 sphinxes
  The ghost of Aneev the Fighter, an adept TrFi of Uskayaw (D:15)
  11 ancient champions
  5 tentacled starspawn (Abyss:2)
  4 Executioners
  5 shadow dragons
  Donald (Snake:4)
  5 death cobs
  10 storm dragons
  4 tengu reavers
  Aizul (Snake:3)
  A draconian monk (Zot:5)
  An iron dragon (Vaults:5)
  8 nagarajas (Snake:4)
  A deep elf sorcerer (Elf:3)
  A daeva (Abyss:2)
  3 fire giants
  13 vault wardens
  2 draconian scorchers
  6 deep elf elementalists
  A draconian knight (Zot:5)
  2 balrugs
  5 frost giants
  A caustic shrike zombie (Abyss:2)
  A draconian shifter (Zot:5)
  2 draconian stormcallers
  A spriggan defender (Depths:2)
  2 curse skulls
  4 ghouls
  2 cacodemons
  A reaper (Crypt:3)
  14 ironbound preservers
  3 caustic shrike skeletons (Crypt:3)
  13 stone giants
  A draconian annihilator (Zot:5)
  4 formless jellyfish
  18 very ugly things
  5 war gargoyles
  13 ironbound thunderhulks
  A quicksilver ooze (Slime:1)
  A juggernaut skeleton (Abyss:2)
  8 vampire knights
  4 deep elf demonologists
  3 green draconians
  A minotaur (Gauntlet)
  3 black draconians
  6 yellow draconians
  3 white draconians
  10 deep elf annihilators
  2 purple draconians (Depths:4)
  11 spark wasps
  4 dire elephants (Vaults:1)
  5 red draconians
  4 eidola
  5 deep elf death magi
  6 merfolk impalers
  A crystal guardian (Vaults:4)
  2 green deaths
  35 slime creatures
  3 merfolk javelineers
  A quicksilver dragon zombie (Crypt:1)
  12 jiangshi
  8 ettins
  4 great orbs of eyes
  4 deep elf high priests
  A quicksilver dragon skeleton (Crypt:3)
  8 fire dragons
  13 yaktaur captains
  2 peacekeepers
  4 ice dragons
  2 rakshasas
  4 entropy weavers
  A hell beast (D:15)
  2 catoblepae
  2 spriggan air magi
  2 salamander tyrants (Snake:4)
  2 caustic shrike simulacra (IceCv)
  4 ogre magi
  2 boulder beetles
  2 demonspawn (Orc:2)
  8 hydras
  31 vault guards
  4 ironbound frosthearts
  8 anacondas
  Erica (Lair:2)
  14 centaur warriors
  A spriggan skeleton (Abyss:2)
  2 alligator snapping turtles (Shoals:4)
  3 death knights
  6 two-headed ogres
  5 merfolk aquamancers (Shoals:4)
  A merfolk avatar (Shoals:3)
  7 tengu warriors
  3 satyrs
  A hell hog (Volcano)
  5 deep troll earth magi
  3 deep troll shamans (Depths:3)
  4 death yaks (Shoals:3)
  8 vampire magi
  6 dancing weapons
  8 orc high priests
  5 shock serpents
  2 spriggan berserkers (Depths:1)
  9 naga warriors
  12 naga sharpshooters
  7 thrashing horrors
  12 hell knights
  2 soul eaters
  6 titan skeletons (Crypt:3)
  5 deep elf knights
  4 iron trolls (Depths:3)
  A salamander mystic (Snake:4)
  2 sixfirhies
  40 skeletal warriors
  2 wretched stars
  6 skysharks
  2 shadow wraiths
  2 storm dragon skeletons
  4 sea snakes
  54 deep trolls
  A bunyip zombie (Crypt:3)
  5 naga ritualists
  A swamp dragon (shapeshifter) (Vaults:3)
  A glowing orange brain (Depths:1)
  10 phantasmal warriors
  23 ironbound convokers
  2 wolf spider zombies
  A bog body (Crypt:1)
  An orange crystal statue (Vaults:2)
  6 flayed ghosts
  5 wizards
  13 orc knights
  7 deep elf archers
  A lindwurm (Vaults:1)
  5 necromancers
  A bunyip skeleton (Crypt:3)
  13 deep elf pyromancers
  13 deep elf zephyrmancers
  3 mana vipers
  A human zombie (Vaults:1)
  18 fauns
  11 orc sorcerers
  16 harpies
  9 cyclopes
  33 ugly things
  9 moths of wrath
  12 salamanders
  2 worldbinders (Abyss:2)
  An iron dragon skeleton (Crypt:3)
  17 vault sentinels
  13 manticores
  11 merfolk sirens
  2 water nymphs
  7 guardian serpents
  23 elephants
  A rust devil (D:1)
  26 black mambas
  7 centaur zombies
  14 naga magi
  Maurice (D:10)
  A titan simulacrum (Abyss:2)
  10 smoke demons
  3 orange demons (Abyss:2)
  21 yaktaurs
  7 cane toads
  2 gargoyles
  A rime drake (Lair:2)
  3 unseen horrors
  15 centaur skeletons
  3 dire elephant skeletons
  2 efreet
  A torpor snail (Lair:4)
  2 alligator snapping turtle skeletons (Crypt:3)
  2 kobold demonologists (Bailey)
  2 anaconda simulacra (IceCv)
  A komodo dragon (shapeshifter) (Lair:5)
  An unseen horror zombie (Crypt:3)
  A hellion (D:12)
  2 ice devils
  10 komodo dragons
  A bunyip simulacrum (Abyss:2)
  A grey draconian skeleton (Crypt:3)
  An iron troll zombie (Crypt:2)
  A minotaur skeleton (Crypt:2)
  5 freezing wraiths
  A tormentor (D:4)
  4 tengu conjurers
  2 red devils
  8 hellwings
  A polar bear (Lair:4)
  4 ancient zymes
  24 merfolk
  A white draconian skeleton (Crypt:3)
  A hornet (D:9)
  6 wind drakes
  9 meliai
  7 trolls
  A hydra skeleton (Crypt:2)
  19 large abominations
  A harpy skeleton (Crypt:3)
  Grinder (D:3)
  A raiju (Lair:5)
  Prince Ribbit (D:6)
  21 blink frogs
  A meliai zombie (Crypt:1)
  8 snapping turtles
  13 dream sheep
  4 flying skulls (Abyss:2)
  2 culicivoras (Vaults:5)
  A frost giant simulacrum (Vaults:1)
  A jumping spider (shapeshifter) (D:13)
  A spriggan (shapeshifter) (D:13)
  6 water elementals
  2 air elementals (Elf:2)
  4 wyverns
  A vampire (D:8)
  A hog (shapeshifter) (Vaults:4)
  40 yaks
  A spriggan (Lair:5)
  8 wraiths
  A shadow (D:12)
  2 ettin skeletons (Crypt:3)
  4 chaos spawn
  5 ynoxinuls
  A fire bat (Volcano)
  2 fire elementals (Elf:3)
  8 basilisks
  6 neqoxecs
  10 vampire mosquitoes
  31 nagas
  2 redbacks (Vaults:2)
  5 wargs
  A glowing shapeshifter zombie (Crypt:1)
  2 acid dragons
  An acid dragon (shapeshifter) (D:14)
  An ogre zombie (Vaults:1)
  A harpy simulacrum (Abyss:2)
  13 water moccasins
  A floating eye (Depths:1)
  A hell hound (Volcano)
  A glowing shapeshifter skeleton (Vaults:1)
  58 orc warriors
  A two-headed ogre skeleton (Crypt:3)
  2 ettin simulacra (IceCv)
  Pargi (Sewer)
  An alligator simulacrum (IceCv)
  An ice beast (D:7)
  A sky beast (Abyss:2)
  5 black bears
  A lindwurm zombie (Crypt:2)
  5 boggarts (Vaults:1)
  11 ogres
  2 wolves (D:9)
  22 centaurs
  2 snapping turtle skeletons
  A kobold brigand (D:10)
  18 bullfrogs
  A gnoll sergeant (D:7)
  3 scorpions
  3 earth elementals
  A necrophage (Crypt:2)
  15 small abominations
  32 wights
  A cyclops skeleton (Crypt:1)
  11 killer bees
  7 electric eels
  8 howler monkeys
  2 quasits (Abyss:2)
  2 lava snakes (Lair:3)
  5 hounds
  5 jellies
  A jelly (shapeshifter) (Lair:5)
  37 orc priests
  An iron imp (Abyss:2)
  A basilisk skeleton (Crypt:1)
  A human skeleton (Crypt:1)
  6 iguanas
  A sleepcap (D:7)
  23 orc wizards
  A scorpion zombie (Crypt:2)
  7 hell rats (Lair:1)
  2 boggart skeletons (Crypt:1)
  A deep dwarf zombie (Crypt:3)
  A deep dwarf skeleton (Crypt:1)
  13 gnolls
  8 adders
  A shadow imp (D:6)
  2 white imps
  3 ufetubi
  3 worms
  2 dart slugs
  88 orcs
  5 ball pythons
  3 endoplasms (D:4)
  2 giant cockroaches
  23 goblins
  13 hobgoblins
  6 jackals (D:4)
  3 quokkas
  5 bats
  A dart slug zombie (Crypt:3)
  A frilled lizard (D:2)
  9 kobolds
  A quokka zombie (Crypt:1)
  2 rats
  A rat skeleton (Crypt:3)
  A ball lightning (D:15)
  3 starspawn tentacles (Abyss:2)
2022 creatures vanquished.

Vanquished Creatures (collateral kills)
  Vashnia (Snake:3)
  Nikola (Snake:3)
  Jorgrun (D:14)
  A deep elf master archer (Elf:3)
  4 nagarajas (Snake:4)
  2 deep elf sorcerers (Elf:3)
  A vault warden (Vaults:1)
  An ironbound preserver (Vaults:1)
  A deep elf annihilator (Elf:3)
  A merfolk impaler (Shoals:4)
  2 salamander tyrants (Snake:4)
  2 merfolk aquamancers (Shoals:4)
  A dancing weapon (Elf:3)
  An ironbound frostheart (Vaults:3)
  A two-headed ogre (Volcano)
  5 naga warriors (Snake:4)
  A shock serpent (Snake:3)
  A deep elf knight (Elf:3)
  5 naga sharpshooters
  2 salamander mystics
  A sea snake (Shoals:4)
  2 harpies (Vaults:1)
  A deep elf zephyrmancer (Elf:3)
  A mana viper (Snake:4)
  4 salamanders (Snake:4)
  4 elephants
  3 vault sentinels (Vaults:1)
  4 slime creatures
  3 black mambas
  A merfolk siren (Shoals:4)
  2 naga magi (Snake:4)
  2 guardian serpents (Snake:4)
  A smoke demon (Lair:5)
  An orange demon (Orc:2)
  A cane toad (Lair:5)
  3 golden dragon simulacra (IceCv)
  A merfolk (Shoals:4)
  A tarantella (Vaults:1)
  3 blink frogs
  3 dream sheep (Lair:4)
  4 yaks
  A basilisk (Lair:2)
  3 nagas
  2 harpy simulacra (IceCv)
  A hydra simulacrum (IceCv)
  4 orc warriors (Orc:2)
  A lindwurm simulacrum (IceCv)
  A jelly (Lair:4)
  2 orc priests (Orc:2)
  4 orcs (Orc:2)
100 creatures vanquished.

Vanquished Creatures (others)
  An azure jelly (Zot:5)
  2 storm dragons (Depths:3)
  3 stone giants
  A red draconian (Zot:5)
  2 great orbs of eyes (shapeshifter) (Vaults:5)
  2 great orbs of eyes
  A vault guard (Vaults:5)
  A spriggan air mage (Depths:3)
  A sea snake (Shoals:4)
  5 glowing orange brains
  A steelbarb worm (shapeshifter) (Abyss:2)
  A harpy (Vaults:1)
  A deep elf pyromancer (Elf:2)
  A faun (shapeshifter) (Vaults:5)
  A water nymph (shapeshifter) (Vaults:5)
  An eye of devastation (shapeshifter) (Depths:4)
  A centaur skeleton (Crypt:1)
  A kobold demonologist (Depths:3)
  A tormentor (D:15)
  2 yaktaurs (Vaults:5)
  A dream sheep (shapeshifter) (Vaults:5)
  A slime creature (shapeshifter) (Vaults:5)
  An air elemental (Elf:1)
  A slime creature (D:8)
  A water elemental (Elf:1)
  3 golden eyes (Abyss:2)
  2 nagas
  A floating eye (shapeshifter) (Depths:1)
  An orc warrior (Vaults:5)
  2 centaurs (Volcano)
  2 kobold brigands (Depths:3)
  A small abomination (Abyss:2)
  3 wights (Crypt:3)
  128 jellies
  A howler monkey (shapeshifter) (Vaults:5)
  An ufetubus (Abyss:2)
  2 orcs (Vaults:5)
  A rat zombie (Crypt:1)
  11 ball lightnings (D:15)
  A lurking horror (Abyss:2)
  9 starspawn tentacles (Abyss:2)
204 creatures vanquished.

Grand Total: 2326 creatures vanquished

Table legend:
 A = Non-vault XP
 B = Vault XP
 C = Vault XP percentage of total XP
 D = Non-vault monster count
 E = Vault monster count
 F = Vault count percentage of total count
                 A         B        C        D         E       F
            +---------+---------+-------+---------+---------+-------
      Total |  615789 |  545865 |  47.0 |    1337 |     761 |  36.3
            +---------+---------+-------+---------+---------+-------
        D:1 |      11 |       0 |   0.0 |       6 |       0 |   0.0
        D:2 |      61 |       0 |   0.0 |      17 |       0 |   0.0
        D:3 |      85 |     262 |  75.5 |      13 |       1 |   7.1
        D:4 |     351 |       0 |   0.0 |      27 |       0 |   0.0
        D:5 |     733 |     141 |  16.1 |      15 |       9 |  37.5
        D:6 |     918 |     259 |  22.0 |      19 |       1 |   5.0
        D:7 |     944 |     210 |  18.2 |      21 |       2 |   8.7
        D:8 |    1800 |       0 |   0.0 |      26 |       0 |   0.0
        D:9 |    3457 |    1798 |  34.2 |      26 |      12 |  31.6
       D:10 |    3891 |    1126 |  22.4 |      25 |       5 |  16.7
       D:11 |    4178 |    1444 |  25.7 |      14 |      25 |  64.1
       D:12 |    7845 |     286 |   3.5 |      23 |       7 |  23.3
       D:13 |    8694 |    9046 |  51.0 |      26 |      20 |  43.5
       D:14 |   15827 |    1301 |   7.6 |      37 |       1 |   2.6
       D:15 |   11927 |   10917 |  47.8 |      27 |      16 |  37.2
     Lair:1 |    4827 |       0 |   0.0 |      26 |       0 |   0.0
     Lair:2 |    8421 |     839 |   9.1 |      29 |       1 |   3.3
     Lair:3 |    2598 |     598 |  18.7 |       9 |       3 |  25.0
     Lair:4 |   12116 |    1882 |  13.4 |      38 |       8 |  17.4
     Lair:5 |   12079 |   17953 |  59.8 |      32 |      51 |  61.4
   Shoals:1 |   16432 |    2606 |  13.7 |      36 |       6 |  14.3
   Shoals:2 |   18749 |    3526 |  15.8 |      37 |       7 |  15.9
   Shoals:3 |   12692 |    8592 |  40.4 |      26 |       7 |  21.2
   Shoals:4 |    3957 |   13864 |  77.8 |       8 |      22 |  73.3
    Snake:1 |    9798 |       0 |   0.0 |      22 |       0 |   0.0
    Snake:2 |   20851 |       0 |   0.0 |      43 |       0 |   0.0
    Snake:3 |    9387 |   10574 |  53.0 |      17 |      11 |  39.3
    Snake:4 |   12841 |   38937 |  75.2 |      25 |      48 |  65.8
    Slime:1 |    1053 |       0 |   0.0 |       1 |       0 |   0.0
      Orc:1 |    5504 |      43 |   0.8 |      52 |       1 |   1.9
      Orc:2 |    5179 |   16125 |  75.7 |      48 |      58 |  54.7
      Elf:1 |    4059 |    4014 |  49.7 |       9 |       6 |  40.0
      Elf:2 |    8351 |     818 |   8.9 |      15 |       1 |   6.2
      Elf:3 |    9935 |   27433 |  73.4 |      17 |      24 |  58.5
   Vaults:1 |   36676 |   27408 |  42.8 |      59 |      36 |  37.9
   Vaults:2 |   24598 |   11315 |  31.5 |      37 |      14 |  27.5
   Vaults:3 |    9509 |   22544 |  70.3 |      14 |      24 |  63.2
   Vaults:4 |   21379 |   24576 |  53.5 |      36 |      27 |  42.9
   Vaults:5 |   29236 |  111592 |  79.2 |      42 |      95 |  69.3
    Crypt:1 |   27735 |    9047 |  24.6 |      39 |      19 |  32.8
    Crypt:2 |   24619 |    3298 |  11.8 |      35 |       1 |   2.8
    Crypt:3 |   29088 |   37920 |  56.6 |      43 |      55 |  56.1
   Depths:1 |   20439 |       0 |   0.0 |      24 |       0 |   0.0
   Depths:2 |    8974 |   10262 |  53.3 |       9 |      10 |  52.6
   Depths:3 |   44084 |   11321 |  20.4 |      46 |      12 |  20.7
   Depths:4 |    7564 |   16054 |  68.0 |       7 |      15 |  68.2
      Zot:1 |    7247 |       0 |   0.0 |       6 |       0 |   0.0
      Zot:2 |    1414 |       0 |   0.0 |       1 |       0 |   0.0
      Zot:3 |   10067 |    1435 |  12.5 |       8 |       1 |  11.1
      Zot:4 |       0 |    1021 | 100.0 |       0 |       1 | 100.0
      Zot:5 |   29780 |   69820 |  70.1 |      27 |      31 |  53.4
    Abyss:2 |   43829 |       0 |   0.0 |      92 |       0 |   0.0
      Sewer |       0 |     131 | 100.0 |       0 |       3 | 100.0
     Bailey |       0 |    1867 | 100.0 |       0 |      33 | 100.0
      IceCv |       0 |    6112 | 100.0 |       0 |      17 | 100.0
    Volcano |       0 |    2691 | 100.0 |       0 |       8 | 100.0
   Gauntlet |       0 |    2857 | 100.0 |       0 |       6 | 100.0
            +---------+---------+-------+---------+---------+-------

Skill      XL: |  1  2  3  4  5  6  7  8  9 10 11 12 13 14 15 16 17 18 19 20 21 22 23 24 |
---------------+-------------------------------------------------------------------------+-----
Fighting       | 2 3 4 5 6 8 9 10 12 15 16 17 18 20 23 25 | 25.0
Unarmed Combat | 4 5 6 8 10 12 14 16 18 19 21 23 | 23.5
Dodging        | 2 6 7 13 15 16 | 16.0
Shapeshifting  | 6 10 12 15 19 22 | 22.6
Invocations    | 9 10 12 | 12.0
Evocations     | 6 |  6.0
Shields        | 5 11 13 14 | 14.2

Action                     |  1- 3 |  4- 6 |  7- 9 | 10-12 | 13-15 | 16-18 | 19-21 | 22-24 | 25-27 || total
---------------------------+-------+-------+-------+-------+-------+-------+-------+-------+-------++-------
  Melee: Unarmed           |    81 |   102 |   334 |   755 |  1447 |  1262 |  1611 |  1380 |    71 ||  7043
         Tailslap          |     9 |     6 |    59 |   153 |   322 |   251 |   363 |   315 |    14 ||  1492
         Punch             |     1 |     1 |    17 |    56 |    36 |    52 |       |       |       ||   163
  Throw: Dart              |       |     9 |       |       |       |       |       |       |       ||     9
 Invoke: Greater Servant o |       |       |       |     1 |     1 |    12 |    10 |       |       ||    24
         Lesser Servant of |       |       |       |       |    16 |    12 |     2 |       |       ||    30
         Minor Destruction |       |       |       |       |       |       |     1 |       |       ||     1
         Major Destruction |       |       |       |       |       |       |     1 |       |       ||     1
         Slimify           |       |       |       |       |       |       |       |     1 |       ||     1
Ability: Breathe Fire      |       |       |     5 |    39 |    27 |     4 |       |       |       ||    75
  Evoke: Wand              |       |       |     3 |    10 |     6 |    14 |    10 |     8 |       ||    51
         Lightning rod     |       |       |       |       |       |     5 |     3 |     9 |       ||    17
         Box of beasts     |       |       |       |       |       |       |     2 |     1 |       ||     3
         Phial of floods   |       |       |       |       |       |       |       |     1 |       ||     1
    Use: Potion            |       |     1 |     2 |     6 |     3 |    10 |    10 |     8 |     2 ||    42
         Scroll            |       |       |    10 |    11 |    12 |    19 |    16 |    12 |     3 ||    83
   Stab: Sleeping          |       |       |     2 |       |     1 |     1 |     5 |       |       ||     9
         Paralysed         |       |       |       |     5 |       |     6 |     3 |     5 |       ||    19
         Invisible         |       |       |       |     6 |     4 |       |       |       |       ||    10
         Distracted        |       |       |       |     4 |     4 |    11 |    11 |     6 |       ||    36
         Petrified         |       |       |       |       |       |       |     1 |       |       ||     1
         Confused          |       |       |       |       |       |       |       |     1 |       ||     1
 Armour: Skin              |    20 |    41 |   100 |   183 |   376 |   463 |   456 |   357 |    27 ||  2023
  Dodge: Dodged            |    30 |    68 |   200 |   554 |  1054 |  1764 |  1458 |  1004 |    42 ||  6174
  Block: Other             |       |       |    16 |   159 |   273 |   187 |       |       |       ||   635
         Reflection        |       |       |     1 |     4 |     7 |    87 |   105 |    21 |     1 ||   226
         Kite shield       |       |       |       |       |       |   929 |  2266 |  1749 |   108 ||  5052
   Form: Flux              |       |       |       |       |     3 |       |       |       |       ||     3
         Blade             |       |       |       |       |     2 |       |       |       |       ||     2
         Statue            |       |       |       |       |       |     3 |       |       |       ||     3
         Anaconda          |       |       |       |       |       |     1 |       |       |       ||     1
         Dragon            |       |       |       |       |       |     1 |       |       |       ||     1

Illustrated notes

Table legend:
 A = Kills in this place as a percentage of kills in the entire game.
 B = Kills by you in this place as a percentage of kills by you in the entire game.
 C = Kills by friends in this place as a percentage of kills by friends in the entire game.
 D = Other kills in this place as a percentage of other kills in the entire game.
 E = Experience gained in this place as a percentage of experience gained in the entire game.
 F = Experience gained in this place divided by the number of levels of this place that you have seen.
                   A       B       C       D       E      F
               +-------+-------+-------+-------+-------+----------------------
         Total | 100.0 | 100.0 | 100.0 | 100.0 | 100.0 | 18781.5
       Dungeon |  20.4 |  21.5 |   1.0 |   0.0 |   8.3 | 6551.9
          Lair |   9.3 |   8.7 |  22.0 |   0.0 |   5.2 | 12262.6
        Shoals |   7.0 |   7.1 |   6.0 |  10.0 |   6.8 | 20104.5
     Snake Pit |   7.9 |   6.5 |  33.0 |  20.0 |   8.7 | 25597.0
    Slime Pits |   0.0 |   0.0 |   0.0 |   0.0 |   0.1 | 210.6
  Orcish Mines |   7.5 |   7.4 |  11.0 |   0.0 |   2.3 | 13425.5
   Elven Halls |   3.4 |   3.2 |   7.0 |  10.0 |   4.6 | 18203.3
        Vaults |  18.2 |  18.5 |  12.0 |  20.0 |  26.9 | 63766.6
         Crypt |   9.1 |   9.6 |   0.0 |   0.0 |  11.1 | 43902.3
        Depths |   6.0 |   6.3 |   0.0 |   0.0 |  10.5 | 31059.8
           Zot |   3.6 |   3.7 |   0.0 |  20.0 |  10.7 | 25212.0
         Abyss |   4.4 |   4.6 |   0.0 |   0.0 |   3.7 | 21914.5
         Sewer |   0.1 |   0.1 |   0.0 |   0.0 |   0.0 | 131.0
        Bailey |   1.6 |   1.6 |   0.0 |   0.0 |   0.2 | 1867.0
      Ice Cave |   0.8 |   0.5 |   7.0 |   0.0 |   0.5 | 6112.0
       Volcano |   0.4 |   0.2 |   1.0 |  20.0 |   0.2 | 2691.0
      Gauntlet |   0.3 |   0.3 |   0.0 |   0.0 |   0.2 | 2857.0
               +-------+-------+-------+-------+-------+----------------------

Table legend: (Time is in decaauts)
 A = Elapsed time spent in this place.
 B = Non-inter-level travel time spent in this place.
 C = Inter-level travel time spent in this place.
 D = Time resting spent in this place.
 E = Time spent auto-exploring this place.
 F = Levels seen in this place.
 G = Mean time per level.
                   A        B        C        D        E       F      G
               +--------+--------+--------+--------+--------+-----+--------+
         Total |  71048 |  61645 |   9403 |   8786 |  36188 |  63 | 1127.7 |
       Dungeon |  18842 |  15448 |   3394 |   1949 |  10458 |  15 | 1256.1 |
        Temple |     60 |      1 |     59 |      0 |      0 |   1 |   60.0 |
          Lair |   8148 |   6395 |   1753 |   1148 |   3912 |   5 | 1629.6 |
        Shoals |   3527 |   3280 |    247 |    452 |   1227 |   4 |  881.8 |
     Snake Pit |   7741 |   6831 |    910 |   1359 |   4030 |   4 | 1935.2 |
    Slime Pits |    470 |    354 |    116 |      0 |    132 |   5 |   94.0 |
  Orcish Mines |   2324 |   1954 |    370 |    575 |    742 |   2 | 1162.0 |
   Elven Halls |   4107 |   3871 |    236 |    495 |   2375 |   3 | 1369.0 |
        Vaults |  10875 |   9488 |   1387 |   1368 |   4986 |   5 | 2175.0 |
         Crypt |   4745 |   4390 |    355 |    118 |   2961 |   3 | 1581.7 |
        Depths |   5424 |   5016 |    408 |     64 |   3985 |   4 | 1356.0 |
           Zot |   1109 |    947 |    162 |      0 |    205 |   5 |  221.8 |
         Abyss |   1271 |   1271 |      0 |    112 |    610 |   2 |  635.5 |
         Sewer |     77 |     77 |      0 |      0 |     53 |   1 |   77.0 |
        Bailey |    746 |    746 |      0 |    274 |    262 |   1 |  746.0 |
      Ice Cave |    603 |    603 |      0 |    401 |     37 |   1 |  603.0 |
       Volcano |    280 |    280 |      0 |     85 |     50 |   1 |  280.0 |
      Gauntlet |    691 |    691 |      0 |    382 |    158 |   1 |  691.0 |
               +--------+--------+--------+--------+--------+-----+--------+

Top non-repeatable levels by time:
Vaults:1: 3118 daAuts
Vaults:2: 2329 daAuts
  Lair:5: 2189 daAuts
 Crypt:3: 2142 daAuts
Vaults:4: 2137 daAuts
    D:13: 2121 daAuts
 Snake:1: 2086 daAuts
 Snake:2: 2011 daAuts
    D:15: 2011 daAuts
   Elf:3: 1904 daAuts
 Snake:3: 1893 daAuts
Depths:3: 1779 daAuts
Vaults:3: 1764 daAuts
 Snake:4: 1750 daAuts
  Lair:2: 1724 daAuts
